Workbook

Sheet Introduction
A1: TM | G1: Welcome! This Tool is designed to provide guidance to government contractors who handle Controlled Unclassified Information as they try to meet the requirements in NIST SP 800-171. The Tool allows you to perform a self-assessment, record the results, and create Plans of Action and Milestones ("POA&Ms") for requirements that are not met. This Tool also automatically calculates the DoD Assessment Methodology score (also called the SPRS score) based on the self-assessment results. This Tool will be most beneficial to small businesses with a limited number of employees and a small IT infrastructure. As the organization grows, we suggest migrating to a more robust GRC platform to better build and manage your cybersecurity and compliance programs.
G4: This Tool was created through the generous support of the CUI Institute's donors and sponsors. Please click here to make a tax-deductable donation to the Institute. Even small donations help us offset the cost of providing valuable resources like this Tool. If you are interested in sponsoring the Institute, please contact us at info@CUIInstitute.org.
G5: This tool is updated periodically with feature enhancements, bug fixes, and other changes. Be sure to register for our newsletter so that we can alert you when changes are made.
A6: Copyright 2021-2026, CMMC Information Institute, Inc. dba "CUI Institute". Released under the Creative Commons CC-BY-SA license. | G6: Although we have tried to make the Tool useful, it is being provided to you as-is, and nothing in the Tool is intended to serve as, nor does it serve as, legal or technical advice. To be clear, if you use the Tool or any of the information in it, you do so at your own risk. If you do not agree, you must not use the Tool. It's that simple.
G7: Worksheet Listing (Be sure to scroll down for additional information, including a background of the CMMC and SPRS programs and instructions for using the worksheets to conduct a self-assessment and calculate SPRS and FAR and Above scores)
A8: THIS TOOL IS PROVIDED BY THE COPYRIGHT HOLDERS AND CONTRIBUTORS "AS IS" AND ANY EXPRESS OR IMPLIED WARRANTIES, INCLUDING, BUT NOT LIMITED TO, THE IMPLIED WARRANTIES OF MERCHANTABILITY AND FITNESS FOR A PARTICULAR PURPOSE ARE DISCLAIMED. IN NO EVENT SHALL THE COPYRIGHT HOLDER OR CONTRIBUTORS BE LIABLE FOR ANY DIRECT, INDIRECT, INCIDENTAL, SPECIAL, EXEMPLARY, OR CONSEQUENTIAL DAMAGES (INCLUDING, BUT NOT LIMITED TO, PROCUREMENT OF SUBSTITUTE GOODS OR SERVICES; LOSS OF USE, DATA, OR PROFITS; OR BUSINESS INTERRUPTION) HOWEVER CAUSED AND ON ANY THEORY OF LIABILITY, WHETHER IN CONTRACT, STRICT LIABILITY, OR TORT (INCLUDING NEGLIGENCE OR OTHERWISE) ARISING IN ANY WAY OUT OF THE USE OF THIS SOFTWARE, EVEN IF ADVISED OF THE POSSIBILITY OF SUCH DAMAGE. | G8: This Tool consists of several worksheets, including:
G9: Introduction - This page. It provides a basic introduction to the tool and the different worksheets.
G10: Questionnaire - Used by organizations or their Managed Services Provider, Managed Security Service Provider, Consultant, etc. to help evaluate the overall maturity of the organization's cybersecurity program. For organizations with scores below about 70 points, and those who do not handle CUI, a gap analysis and remediation that focuses on FAR and Above Phase 1 may be more appropriate due to their relative immaturity. Organizations with scores above 70 are more likely to meet most of the Phase 1 requirements and thus could benefit from performing a gap analysis against all 110 controls. Remediation of any gaps can be prioritized based on the corresponding control/requirement's order in FAR and Above. For more details, please visit https://cmmcinfo.org/2022/05/11/cmmc-gap-analysis-client-engagement-process-and-questionnaire/
G11: System Overview & SSP Preamble - Provides a template for the "front matter", or preamble of a System Security Plan ("SSP"). This worksheet collects additional, basic information which must be defined under NIST SP 800-171/CMMC. Also displays FAR and Above and SPRS scores based on your answers in the SSP - DoD SPRS & Far and Above worksheet (described below). As a reminder, this SSP is used to define the security of a "system", or collection of devices, software, people, and information. The system that is the subject of this SSP may be made up of one or more subsystems.
G12: SSP - DoDAM & SPRS Score - Presents the NIST SP 800-171 requirements. This is where you should record your self-assessment results. Be sure to evaluate your organization against all of the assessment objectives for each requirement when you perform your self-assessment. We include a recommendation as to whether a particular requirement/objective is something a typical small or medium business is likely to be able to handle themselves ("DIY") or if it is something that should probably be outsourced ("Outsource"). In a few cases, the requirements will require a combination of outside help and company resources, and we refer to these as "Hybrid". See below for additional details. We also include an indicator as to whether the requirement can be subject to a Plan of Action and Milestone ("POA&M") while still allowing you to receive a Conditional CMMC Certification under CMMC v. 2.13.
G13: POA&Ms - Create and manage plans of action and milestones ("POA&Ms") here. POA&Ms describe how your organization will meet any requirements that are not fully implemented in the assessed system. References to the relevant control automatically appear in the POA&M list if the control is not fully implemented. You can reference NIST SP 800-53, specifically CA-5 and PM-4, for additional assistance in creating the POA&Ms. See below for additional details.
G14: The System Overview & SSP Preamble, SSP - DoDAM & SPRS Score, and POA&Ms worksheets are required to submit a SPRS score. As you conduct your gap assessment (on the SSP - DoD SPRS & FAR and Above worksheet), you will note that your organization is expected to have certain lists and other such information. The following worksheets help you build those lists.
G15: Privileged Accounts - NIST SP 800-171 and CMMC 2.0 require that you identify all of the "privileged accounts" in use in the system. These include administrator accounts, developer accounts, and other accounts that can change security settings, alter the operation/configuration of the system, sub-system, or component, or take other actions that impact the security of the system.
G16: Physical Location(s) Info - This is a list of all of the physical locations where FCI and/or CUI is created, processed, stored, and/or transmitted (i.e., "handled"). In some cases, your organization may decide to limit access to some physical locations to only certain employee roles. For example, if your organization has a closet where your servers are stored (i.e., a "data center"), you may limit physical access to that data center to only employees who are systems administrators to help reduce the likelihood of malicious activities. The physical locations list is referenced in the Hardware Inventory worksheet (below) to help you identify the user roles which are permitted to access the different physical locations where FCI or CUI is handled.
G17: Users Auth. to Access System - This is a list of all users who are authorized to access the system.
G18: User Roles - This is a list of all of the user roles relevant to the system. Roles are used to defined categories of users who are authorized to access certain information, take certain actions, etc. This allows the organization to more easily allocate and track authorizations as employees join the organization, change jobs within the organization, and/or leave the organization.
G19: Authorized Visitor List - A list of individuals authorized to visit the location, including whether the individual is authorized to access sensitive information (including CUI) and the area(s) the user is authorized to visit.
G20: Visitor Access Log - A log of individuals who have visited the location
... G43: For each security requirement that the organization has not fully implemented, indicate a date by which the organization currently plans to fully implement that requirement. The date farthest in the future will be used to populate the "Date When 110 Score Expected" field in the Information for SPRS Submission portion of the worksheet.
A44: Version 2025.03a

Sheet Questionnaire
A1: Client Name:
A2: Client Point of Contact (POC) Name:
A3: Client POC Title:
A4: Client POC E-mail Address:
A5: Client POC Phone Number:
A6: Date Questionnaire Completed:
A7: Questionnaire Score (calculated - 0 to 107) | B7: =SUM(C22:C45) -> 0
A9: At how many physical locations (offices, data centers, or other facilities) does your organization handle CUI or FCI?
A10: How many employees do you have, and how many are authorized to access government information?
A11: Total employees and contractors:
A12: Authorized to access Government Information
A13: How many accounts of the following types do you have in your organization's systems?
A14: Users
A15: Local Administrators
A16: Application
A17: Service
A18: Domain Administrator
A19: Other
A20: Do you allow employees to access your systems, including E-mail, collaboration, and cloud resources, from their personal devices (i.e., BYOD)?
A21: Can any of your employees work remotely? If so, can they work remotely using their own equipment or only organization-provided equipment?
A22: Do your organization's employees periodically receive security awareness training regarding the risks associated with their activities and any applicable policies, procedures, standards, etc. relevant to the systems they use to conduct the activities? | C22: =IF(OR(B22=References!A28, B22=""),0,IF(B22=References!A29,3,5)) -> 0
A23: Is your staff trained to recognize and properly handle sensitive information, such as bank accounts, social security numbers, design specifications, blueprints, Federal Contract Information (“FCI”) and Controlled Unclassified Information (“CUI”)? | C23: =IF(OR(B23="No", B23=""), 0, 3) -> 0
A24: Do you have a comprehensive list of all of the types of sensitive information (including FCI, CUI by type, and non-government information) in received, created, processed, stored, and/or transmitted by your organization? (If yes, we will ask you for a copy once a nondisclosure agreement is in place) | C24: =IF(OR(B24="No", B24=""), 0, 5) -> 0
A25: Do you have a comprehensive list of all hardware (including laptops, mobile devices, workstations, servers, printers, networking equipment, “smart devices” (like TVs, Alexas, etc.)) in use by your organization? (If yes, we will ask you for a copy once a nondisclosure agreement is in place) | C25: =IF(OR(B25="No", B25=""), 0, 3) -> 0
A26: Do you have a comprehensive list of all software (including operating systems, end-user software, and drivers) installed on the organization’s equipment? (If yes, we will ask you for a copy once a nondisclosure agreement is in place) | C26: =IF(OR(B26="No", B26=""), 0, 5) -> 0
A27: Do you have a comprehensive list of all cloud resources (including E-mail, file sharing, chat, collaboration, HR, payroll, and other resources) used by the organization? (If yes, we will ask you for a copy once a nondisclosure agreement is in place) | C27: =IF(OR(B27="No", B27=""), 0, 5) -> 0
A28: Do you have a network diagram? (If yes, we will ask you for a copy once a nondisclosure agreement is in place) | C28: =IF(OR(B28="No", B28=""), 0, 5) -> 0
A29: Can you show how and where sensitive information, and in particular FCI and CUI, is received, processed, stored, and transmitted within your organization? (If yes, we will ask you for a copy once a nondisclosure agreement is in place) | C29: =IF(OR(B29="No", B29=""), 0, 10) -> 0
A30: Do you have a list of all of your employees and contractors that includes their roles? If so, have you defined which roles are authorized to handle different categories of information (e.g., CUI vs FCI)? | C30: =IF(OR(B30=References!A32, B30=""), 0, IF(B30=References!A33, 3, 5)) -> 0
A31: Do all of your users have administrative privileges on their local computer (i.e., they are local administrators)? | C31: =IF(OR(B31="Yes", B31=""), 0, 5) -> 0
A32: Does your organization require multifactor authentication for:
A33: Remote Administration | C33: =IF(OR(B33="Yes", B33=""), 0, 5) -> 0
A34: All user remote access | C34: =IF(OR(B34="Yes", B34=""), 0, 3) -> 0
A35: All administrator logins | C35: =IF(OR(B35="Yes", B35=""), 0, 5) -> 0
A36: All user logins | C36: =IF(OR(B36="Yes", B36=""), 0, 3) -> 0
A37: Administrator access to cloud resources | C37: =IF(OR(B37="Yes", B37=""), 0, 5) -> 0
A38: All user access to cloud resources | C38: =IF(OR(B38="Yes", B38=""), 0, 3) -> 0
A39: Does your organization deploy Wi-Fi? If so, is the Wi-Fi network part of your corporate network or external to it? | C39: =IF(OR(B39="", B39=References!A37), 0, IF(B39=References!A36, 3, 5)) -> 0
A40: Does your organization have an incident response plan that describes roles and responsibilities? If so, do you routinely test the plan? (If you have a plan, we will ask for a copy once a nondisclosure agreement is in place)
A41: Plan | C41: =IF(OR(B41="Yes", B41=""), 0, 3) -> 0
A42: Roles and responsibilities are identified | C42: =IF(OR(B42="Yes", B42=""), 0, 3) -> 0
A43: Plan has been tested at least once in the past 12 months | C43: =IF(OR(B43="Yes", B43=""), 0, 5) -> 0
A44: Has your organization already performed a self-assessment against NIST SP 800-171? If so, did your assessment consider only the requirements themselves or also the objectives defined in NIST SP 800-171A? (If yes, we will ask for the results once a nondisclosure agreement is in place) | C44: =IF(OR(B44="", B44=References!A40), 0, IF(B44=References!A41, 3, 8)) -> 0
A45: Do you have a comprehensive set of policies, procedures, plans, and/or other documents that define your IT and cybersecurity programs? (If yes, we will ask you for copies once a nondisclosure agreement is in place) | C45: =IF(OR(B45="", B45="No"), 0, IF(B45=References!A45, 3, 8)) -> 0

Sheet System Overview & SSP Preamble
A1: System Security Plan | E1: Additional Assessor/Preparer Notes | F1: Relevant Notes from NIST
A2: FAR and Above Score (0 to 500) [Auto-calculated] | C2: ='SSP - DoDAM & SPRS Score'!C1 -> NIST SP 800-171 and CMMC v.2.13 Level 2 System Security Plan
A3: Information for SPRS Submission | B3: SPRS Score (-203 to 110) [Auto-calculated] | C3: =IF('SSP - DoDAM & SPRS Score'!N80=-1000,"No SSP, therefore an assessment could not be completed due to incomplete information and noncompliance with DFARS clause 252.204-7012. See NIST SP 800-171 3.12.4.",'SSP - DoDAM & SPRS Score'!#REF!) -> #REF!
B4: Date when 110 Score Expected [Auto-calculated] | C4: {=IF(C3>=110, "N/A", IF(MAX(IF('SSP - DoDAM & SPRS Score'!A15:OR15>TODAY(),'SSP - DoDAM & SPRS Score'!A15:OR15))=0, "Please Add Target Dates", MAX(IF('SSP - DoDAM & SPRS Score'!A15:OR15>TODAY(),'SSP - DoDAM & SPRS Score'!A15:OR15))))} -> #REF!
B5: Prepared by (Assessor Name)
B6: Prepared for (Organization Name)
B7: Date of Assessment
B8: CAGE Code(s) Supported by System
B9: System Description
A10: System Identification | B10: System Name/Title
B11: System Categorization - Confidentiality [MUST be at least Moderate if system handles CUI] | C11: Confidentiality
B12: System Categorization - Integrity | C12: Integrity
B13: System Categorization - Availability | C13: Availability
B14: System Unique Identifier
B15: Responsible Organization | C15: Name:
C16: Address:
C17: Phone:
B18: Information Owner(s): [Government point(s) of contact responsible for providing and/or receiving CUI] | C18: Name:
C19: Title:
C20: Office Address:
C21: Work Phone:
C22: E-mail Address:
B23: System Owner: [Assignment of security responsibility] | C23: Name:
C24: Title:
C25: Office Address:
C26: Work Phone:
C27: E-mail Address:
B28: System Security Officer: | C28: Name:
C29: Title:
C30: Office Address:
C31: Work Phone:
C32: E-mail Address:
B33: General Description/Purpose of the system: What is the function/purpose of the system? [Provide a short, high-level description of the function/purpose of the system]
B34: Number of End Users: [Provide the approximate number of users]
B35: System Management Functions (3.13.3b): | D35: See Security Functions defined below.
B36: Security Functions (3.1.5c): | D36: Establishing System Accounts, Configuring Access Authorizations (i.e. Permissions, Privileges), Configuring Settings for Events to be Audited, Establishing Intrusion Detection Parameters, Reviewing Audit Logs [Add Additional Relevant Functions As Necessary]
B37: Security Information | D37: Filtering Rules for Routers/Firewalls, Configuration Parameters for Security Services/Devices, Cryptographic Key Management Information, Access Control Lists, Audit Logs [Add Additional Relevant Information As Necessary]
B38: Non-Security Functions (3.1.6a, 3.13.3a): | D38: All functions/activities except the Security Functions identified above.
B39: Number of Privileged Users: [Provide the approximate number of administrators, including system administrators, database administrators, application administrators, etc.] | C39: System Administrators:
C40: Database Administrators:
C41: Application Administrators:
C42: Other Administrators:
C43: Application/System Programmers:
C44: Other Privileged Users:
B45: General Description of Information: [See CUI Types worksheet or NARA CUI Registry for descriptions] | C45: CUI Types processed, stored, or transmitted by the system:
A46: System Environment | B46: Type(s) of Remote Access Permitted (Dial-up, Broadband, Wireless, VPN, etc.) (3.1.12b):
B47: Link to system topology graphic:
B48: Detailed system topology narrative: | F48: Include a detailed topology narrative and graphic that clearly depicts the system boundaries, system interconnections, and key devices. (Note: this does not require depicting every workstation or desktop, but include an instance for each operating system in use, an instance for portable components (if applicable), all virtual and physical servers (e.g., file, print, web, database, application), as well as any networked workstations (e.g., Unix, Windows, Mac, Linux), firewalls, routers, switches, copiers, printers, lab equipment, handhelds). If components of other systems that interconnect/interface with this system need to be shown on the diagram, denote the system boundaries by referencing the security plans or names and owners of the other system(s) in the diagram.
B49: Architectural Design Concepts used to Promote Effective Information Security (3.13.2a):
B50: Software Development Techniques used to Promote Effective Information Security (3.13.2b):
B51: Systems Engineering Principles used that Promote Effective Information Security (3.13.2c): | D51: [See NIST SP 800-160 (https://csrc.nist.gov/publications/detail/sp/800-160/vol-1/final) volume 1 for more details about systems engineering]
B52: Complete and accurate listing of all hardware (or link to it): | D52: (See Hardware Inventory Worksheet in this document) | F52: A reference to the organizational component inventory database is acceptable. Include the manufacturer/OEM, model, version, BIOS version, and responsible person/role.
B53: Complete and accurate listing of all software (or link to it): | D53: (See Software Inventory Worksheet in this document) | F53: Include both system software and application software. Provide the make/OEM/developer, model, version, service packs, and responsible person/role.
B54: Complete and accurate listing of all cloud applications/services (or link to it): | D54: (See Cloud Svc. & Ext. System Invent. Worksheet in this document)
A55: Policies, Procedures, Plans, Standards, Etc. | B55: Listing of, and Links to, Relevant Policies, Procedures, Plans, Standards, and Related Documents (3.2.1b): | D55: [See CUIInstitute.org for document templates]
B56: Procedure to Ensure CUI is not Posted or Processed on Publicly Accessible Systems (3.1.22b): | D56: [Describe Procedure or Point to Where the Procedure is Stored]
B57: Privacy and Security Notices Required by CUI Specified Rules (if the environment contains CUI-specified information) (3.1.9a):
B58: Limits on the Use of Portable Storage Devices Containing CUI on External Systems (3.1.21b): | D58: [Describe Limits or Point to Policy or other Document Describing the Limits]
B59: Security Risks Associated with the Organization's Activities Involving CUI:
B60: Potential Indicators of Insider Threat (3.2.3a): | D60: Potential indicators and possible precursors of insider threats against this system include behaviors such as: inordinate, long-term job dissatisfaction; attempts to gain access to information that is not required for job performance; unexplained access to financial resources; unexplained deviations from normal working hours; bullying or sexual harassment of fellow employees; workplace violence; and other serious violations of the policies, procedures, directives, rules, or practices of organizations. [Remove/Add Additional Potential Indicators of Insider Threat as Appropriate]
B61: External security alerts, advisories, and directives from reputable external organizations that are relevant to the industry and technology used by our organization: | D61: [e.g., subscribe to alerts/RSS feeds from https://www.cisa.gov/uscert/ncas/alerts, https://www.cyber.nj.gov]
B62: Alerts and Advisory Response Plan (3.14.3a): | D62: [Describe Plan or Point to Where the Plan is Stored]
B63: Audit logs needed (i.e., event types to be logged) to enable the monitoring, analysis, investigation, and reporting of unlawful or unauthorized system activity (3.3.1a):
A64: Key Personnel | B64: Personnel to be Alerted in the Event of an Audit Logging Failure (3.3.4a):
B65: Personnel to be Alerted in the Event an Incident is Detected (3.6.2d):
A66: Notice | B66: Authorities to be Notified if an Incident is Detected (3.6.2c):
A67: Compliance | B67: SSP Preamble Information (this page) Last Reviewed on and by:
A69: Helpful Links
A70: SPRS Website: | B70: Supplier Performance Risk System (disa.mil)
A71: SPRS FAQ: | B71: SPRS - Frequently Asked Questions (disa.mil)
A72: SPRS 3.3 Training: | B72: NISTSP800-171QuickEntryGuide.pdf (disa.mil)
A73: NARA CUI Registry: | B73: CUI Categories | National Archives

Sheet SSP - DoDAM & SPRS Score
A1: Current DoDAM Score for SPRS: | B1: =110+(SUM(N3:N409)) -> -1203 | C1: NIST SP 800-171 and CMMC v.2.13 Level 2 System Security Plan
A2: NIST SP 800-171 Family/ CMMC Domain | B2: NIST SP 800-171 ID | C2: NIST SP 800-171 Sort Order | D2: CMMC Control | E2: DoD Assessment Methodology ("DoDAM") Score Value | F2: May be POA&M'ed under a CMMC Conditional Assessment | G2: SMB DIY or Outsource | H2: Security Requirement | I2: Assessment Objective | J2: DoD Comment to Assessor | K2: Description of how your organization meets the Security Requirement or Assessment Objective and Link to Evidence | L2: Implementation Status | M2: Target Implementation Completion Date | N2: Score Impact | R2: FAR and Above Control Score | S2: FAR and Above Raw Score | T2: FAR and Above Phase Score
A3: Access Control | B3: 3.1.1 | C3: 03.01.01.0 | D3: AC.L1-3.1.1 | E3: 5 | F3: =IF(E3=0, "", IF(OR(E3=5, E3=3, MID(D3, 4, 2)="L1"), "NOT POA&Mable", "POA&Mable")) -> NOT POA&Mable | G3: Hybrid | H3: Limit system access to authorized users, processes acting on behalf of authorized users, and devices (including other systems). | I3: Determine If: | J3: [No Comment Provided] | L3: =IF(AND(L4="Fully Implemented", L5="Fully Implemented", L6="Fully Implemented", L7="Fully Implemented", L8="Fully Implemented", L9="Fully Implemented"), "Fully Implemented", "") | N3: =IF(AND(L4="Fully Implemented", L5="Fully Implemented", L6="Fully Implemented",L7="Fully Implemented",L8="Fully Implemented",L9="Fully Implemented"), 0, -1*E3) -> -5 | R3: =IF(N3=0, E3, 0) -> 0 | S3: =SUM(R3:R76) -> 0 | T3: =IF(S3=SUM(E3:E76), 100, S3) -> 0
A4: Access Control | B4: 3.1.1[a] | C4: 03.01.01.a | D4: AC.L1-3.1.1 | G4: DIY | I4: authorized users are identified. | L4: Not Yet Assessed
A5: Access Control | B5: 3.1.1[b] | C5: 03.01.01.b | D5: AC.L1-3.1.1 | G5: Outsource | I5: processes acting on behalf of authorized users are identified. | L5: Not Yet Assessed
A6: Access Control | B6: 3.1.1[c] | C6: 03.01.01.c | D6: AC.L1-3.1.1 | G6: DIY | I6: devices (including other systems) authorized to connect to the system are identified. | L6: Not Yet Assessed
A7: Access Control | B7: 3.1.1[d] | C7: 03.01.01.d | D7: AC.L1-3.1.1 | G7: DIY | I7: system access is limited to authorized users. | L7: Not Yet Assessed
A8: Access Control | B8: 3.1.1[e] | C8: 03.01.01.e | D8: AC.L1-3.1.1 | G8: Outsource | I8: system access is limited to processes acting on behalf of authorized users. | L8: Not Yet Assessed
A9: Access Control | B9: 3.1.1[f] | C9: 03.01.01.f | D9: AC.L1-3.1.1 | G9: Outsource | I9: system access is limited to authorized devices (including other systems). | L9: Not Yet Assessed
A10: Access Control | B10: 3.1.2 | C10: 03.01.02.0 | D10: AC.L1-3.1.2 | E10: 5 | F10: =IF(E10=0, "", IF(OR(E10=5, E10=3, MID(D10, 4, 2)="L1"), "NOT POA&Mable", "POA&Mable")) -> NOT POA&Mable | G10: Outsource | H10: Limit system access to the types of transactions and functions that authorized users are permitted to execute. | I10: Determine if: | J10: [No Comment Provided] | L10: =IF(AND(L11="Fully Implemented", L12="Fully Implemented"), "Fully Implemented", "") | N10: =IF(AND(L11="Fully Implemented", L12="Fully Implemented"), 0, -1*E10) -> -5
A11: Access Control | B11: 3.1.2[a] | C11: 03.01.02.a | D11: AC.L1-3.1.2 | G11: Outsource | I11: the types of transactions and functions that authorized users are permitted to execute are defined | L11: Not Yet Assessed
A12: Access Control | B12: 3.1.2[b] | C12: 03.01.02.b | D12: AC.L1-3.1.2 | G12: Outsource | I12: system access is limited to the defined types of transactions and functions for authorized users. | L12: Not Yet Assessed | R12: =IF(N12=0, E12, 0) -> 0
A13: Access Control | B13: 3.1.3 | C13: 03.01.03.0 | D13: AC.L2-3.1.3 | E13: 1 | F13: =IF(E13=0, "", IF(OR(E13=5, E13=3, MID(D13, 4, 2)="L1"), "NOT POA&Mable", "POA&Mable")) -> POA&Mable | G13: Hybrid | H13: Control the flow of CUI in accordance with approved authorizations. | I13: Determine if: | J13: [No Comment Provided] | L13: =IF(AND(L14="Fully Implemented", L15="Fully Implemented", L16="Fully Implemented", L17="Fully Implemented", L18="Fully Implemented"), "Fully Implemented", "") | N13: =IF(AND(L14="Fully Implemented", L15="Fully Implemented", L16="Fully Implemented",L17="Fully Implemented",L18="Fully Implemented"), 0, -1*E13) -> -1
A14: Access Control | B14: 3.1.3[a] | C14: 03.01.03.a | D14: AC.L2-3.1.3 | G14: DIY | I14: information flow control policies are defined. | L14: Not Yet Assessed
A15: Access Control | B15: 3.1.3[b] | C15: 03.01.03.b | D15: AC.L2-3.1.3 | G15: Outsource | I15: methods and enforcement mechanisms for controlling the flow of CUI are defined. | L15: Not Yet Assessed | R15: =IF(N15=0, E15, 0) -> 0
A16: Access Control | B16: 3.1.3[c] | C16: 03.01.03.c | D16: AC.L2-3.1.3 | G16: DIY | I16: designated sources and destinations (e.g., networks, individuals, and devices) for CUI within systems and between interconnected systems are identified. | L16: Not Yet Assessed
A17: Access Control | B17: 3.1.3[d] | C17: 03.01.03.d | D17: AC.L2-3.1.3 | G17: Outsource | I17: authorizations for controlling the flow of CUI are defined. | L17: Not Yet Assessed
A18: Access Control | B18: 3.1.3[e] | C18: 03.01.03.e | D18: AC.L2-3.1.3 | G18: Outsource | I18: approved authorizations for controlling the flow of CUI are enforced. | L18: Not Yet Assessed
A19: Access Control | B19: 3.1.4 | C19: 03.01.04.0 | D19: AC.L2-3.1.4 | E19: 1 | F19: =IF(E19=0, "", IF(OR(E19=5, E19=3, MID(D19, 4, 2)="L1"), "NOT POA&Mable", "POA&Mable")) -> POA&Mable | G19: DIY | H19: Separate the duties of individuals to reduce the risk of malevolent activity without collusion. | I19: Determine if: | J19: [No Comment Provided] | L19: =IF(AND(L20="Fully Implemented", L21="Fully Implemented", L22="Fully Implemented"), "Fully Implemented", "") | N19: =IF(AND(OR(L20="Fully Implemented", L20="Not Permitted"), OR(L21="Fully Implemented", L21="Not Permitted"), OR(L22="Fully Implemented", L22="Not Permitted")), 0, -1*E19) -> -1
A20: Access Control | B20: 3.1.4[a] | C20: 03.01.04.a | D20: AC.L2-3.1.4 | G20: DIY | I20: the duties of individuals requiring separation to reduce the risk of malevolent activity are defined. | L20: Not Yet Assessed | R20: =IF(N20=0, E20, 0) -> 0
A21: Access Control | B21: 3.1.4[b] | C21: 03.01.04.b | D21: AC.L2-3.1.4 | G21: DIY | I21: organization-defined duties of individuals requiring separation are separated. | L21: Not Yet Assessed
A22: Access Control | B22: 3.1.4[c] | C22: 03.01.04.c | D22: AC.L2-3.1.4 | G22: DIY | I22: separate accounts for individuals whose duties and accesses must be separated to reduce the risk of malevolent activity or collusion are established | L22: Not Yet Assessed
A23: Access Control | B23: 3.1.5 | C23: 03.01.05.0 | D23: AC.L2-3.1.5 | E23: 3 | F23: =IF(E23=0, "", IF(OR(E23=5, E23=3, MID(D23, 4, 2)="L1"), "NOT POA&Mable", "POA&Mable")) -> NOT POA&Mable | G23: Outsource | H23: Employ the principle of least privilege, including for specific security functions and privileged accounts. | I23: Determine if: | J23: [No Comment Provided] | L23: =IF(AND(L24="Fully Implemented", L25="Fully Implemented", L26="Fully Implemented", L27="Fully Implemented"), "Fully Implemented", "") | N23: =IF(AND(L24="Fully Implemented", L25="Fully Implemented", L26="Fully Implemented",L27="Fully Implemented"), 0, -1*E23) -> -3 | R23: =IF(N23=0, E23, 0) -> 0
A24: Access Control | B24: 3.1.5[a] | C24: 03.01.05.a | D24: AC.L2-3.1.5 | G24: Outsource | I24: privileged accounts are identified. | L24: Not Yet Assessed | R24: =IF(N24=0, E24, 0) -> 0
A25: Access Control | B25: 3.1.5[b] | C25: 03.01.05.b | D25: AC.L2-3.1.5 | G25: Outsource | I25: access to privileged accounts is authorized in accordance with the principle of least privilege. | L25: Not Yet Assessed
A26: Access Control | B26: 3.1.5[c] | C26: 03.01.05.c | D26: AC.L2-3.1.5 | G26: Outsource | I26: security functions are identified. | L26: Not Yet Assessed
A27: Access Control | B27: 3.1.5[d] | C27: 03.01.05.d | D27: AC.L2-3.1.5 | G27: Outsource | I27: access to security functions is authorized in accordance with the principle of least privilege. | L27: Not Yet Assessed
A28: Access Control | B28: 3.1.6 | C28: 03.01.06.0 | D28: AC.L2-3.1.6 | E28: 1 | F28: =IF(E28=0, "", IF(OR(E28=5, E28=3, MID(D28, 4, 2)="L1"), "NOT POA&Mable", "POA&Mable")) -> POA&Mable | G28: Outsource | H28: Use non-privileged accounts or roles when accessing nonsecurity functions. | I28: Determine if: | J28: [No Comment Provided] | L28: =IF(AND(L29="Fully Implemented", L30="Fully Implemented"), "Fully Implemented", "") | N28: =IF(AND(L29="Fully Implemented", L30="Fully Implemented"), 0, -1*E28) -> -1 | R28: =IF(N28=0, E28, 0) -> 0
A29: Access Control | B29: 3.1.6[a] | C29: 03.01.06.a | D29: AC.L2-3.1.6 | G29: Outsource | I29: nonsecurity functions are identified. | L29: Not Yet Assessed
A30: Access Control | B30: 3.1.6[b] | C30: 03.01.06.b | D30: AC.L2-3.1.6 | G30: Outsource | I30: users are required to use non-privileged accounts or roles when accessing nonsecurity functions. | L30: Not Yet Assessed
A31: Access Control | B31: 3.1.7 | C31: 03.01.07.0 | D31: AC.L2-3.1.7 | E31: 1 | F31: =IF(E31=0, "", IF(OR(E31=5, E31=3, MID(D31, 4, 2)="L1"), "NOT POA&Mable", "POA&Mable")) -> POA&Mable | G31: Outsource | H31: Prevent non-privileged users from executing privileged functions and capture the execution of such functions in audit logs. | I31: Determine if: | J31: [No Comment Provided] | L31: =IF(AND(L32="Fully Implemented", L33="Fully Implemented", L34="Fully Implemented", L35="Fully Implemented"), "Fully Implemented", "") | N31: =IF(AND(L32="Fully Implemented", L33="Fully Implemented", L34="Fully Implemented",L35="Fully Implemented"), 0, -1*E31) -> -1 | R31: =IF(N31=0, E31, 0) -> 0
A32: Access Control | B32: 3.1.7[a] | C32: 03.01.07.a | D32: AC.L2-3.1.7 | G32: Outsource | I32: privileged functions are defined. | L32: Not Yet Assessed
A33: Access Control | B33: 3.1.7[b] | C33: 03.01.07.b | D33: AC.L2-3.1.7 | G33: Outsource | I33: non-privileged users are defined. | L33: Not Yet Assessed
A34: Access Control | B34: 3.1.7[c] | C34: 03.01.07.c | D34: AC.L2-3.1.7 | G34: Outsource | I34: non-privileged users are prevented from executing privileged functions. | L34: Not Yet Assessed
A35: Access Control | B35: 3.1.7[d] | C35: 03.01.07.d | D35: AC.L2-3.1.7 | G35: Outsource | I35: the execution of privileged functions is captured in audit logs. | L35: Not Yet Assessed
A36: Access Control | B36: 3.1.8 | C36: 03.01.08.0 | D36: AC.L2-3.1.8 | E36: 1 | F36: =IF(E36=0, "", IF(OR(E36=5, E36=3, MID(D36, 4, 2)="L1"), "NOT POA&Mable", "POA&Mable")) -> POA&Mable | G36: DIY | H36: Limit unsuccessful logon attempts. | I36: Determine if: | J36: [No Comment Provided] | L36: =IF(AND(L37="Fully Implemented", L38="Fully Implemented"), "Fully Implemented", "") | N36: =IF(AND(L37="Fully Implemented", L38="Fully Implemented"), 0, -1*E36) -> -1
A37: Access Control | B37: 3.1.8[a] | C37: 03.01.08.a | D37: AC.L2-3.1.8 | F37: =IF(E37=0, "", IF(OR(E37=5, E37=3, MID(D37, 4, 2)="L1"), "NOT POA&Mable", "POA&Mable")) | G37: DIY | I37: the means of limiting unsuccessful logon attempts is defined. | L37: Not Yet Assessed
A38: Access Control | B38: 3.1.8[b] | C38: 03.01.08.b | D38: AC.L2-3.1.8 | F38: =IF(E38=0, "", IF(OR(E38=5, E38=3, MID(D38, 4, 2)="L1"), "NOT POA&Mable", "POA&Mable")) | G38: DIY | I38: the defined means of limiting unsuccessful logon attempts is implemented. | L38: Not Yet Assessed | R38: =IF(N38=0, E38, 0) -> 0
A39: Access Control | B39: 3.1.9 | C39: 03.01.09.0 | D39: AC.L2-3.1.9 | E39: 1 | F39: =IF(E39=0, "", IF(OR(E39=5, E39=3, MID(D39, 4, 2)="L1"), "NOT POA&Mable", "POA&Mable")) -> POA&Mable | G39: DIY | H39: Provide privacy and security notices consistent with applicable CUI rules. | I39: Determine if: | J39: [No Comment Provided] | L39: =IF(AND(L40="Fully Implemented", L41="Fully Implemented"), "Fully Implemented", "") | N39: =IF(AND(L40="Fully Implemented", L41="Fully Implemented"), 0, -1*E39) -> -1
A40: Access Control | B40: 3.1.9[a] | C40: 03.01.09.a | D40: AC.L2-3.1.9 | F40: =IF(E40=0, "", IF(OR(E40=5, E40=3, MID(D40, 4, 2)="L1"), "NOT POA&Mable", "POA&Mable")) | G40: DIY | I40: privacy and security notices required by CUI-specified rules are identified, consistent, and associated with the specific CUI category | L40: Not Yet Assessed
A41: Access Control | B41: 3.1.9[b] | C41: 03.01.09.b | D41: AC.L2-3.1.9 | F41: =IF(E41=0, "", IF(OR(E41=5, E41=3, MID(D41, 4, 2)="L1"), "NOT POA&Mable", "POA&Mable")) | G41: DIY | I41: privacy and security notices are displayed. | L41: Not Yet Assessed | R41: =IF(N41=0, E41, 0) -> 0
A42: Access Control | B42: 3.1.10 | C42: 03.01.10.0 | D42: AC.L2-3.1.10 | E42: 1 | F42: =IF(E42=0, "", IF(OR(E42=5, E42=3, MID(D42, 4, 2)="L1"), "NOT POA&Mable", "POA&Mable")) -> POA&Mable | G42: DIY | H42: Use session lock with pattern-hiding displays to prevent access and viewing of data after a period of inactivity. | I42: Determine if: | J42: [No Comment Provided] | L42: =IF(AND(L43="Fully Implemented", L44="Fully Implemented", L45="Fully Implemented"), "Fully Implemented", "") | N42: =IF(AND(OR(L43="Fully Implemented", L43="Not Permitted"), OR(L44="Fully Implemented", L44="Not Permitted"), OR(L45="Fully Implemented", L45="Not Permitted")), 0, -1*E42) -> -1 | R42: =IF(N42=0, E42, 0) -> 0
A43: Access Control | B43: 3.1.10[a] | C43: 03.01.10.a | D43: AC.L2-3.1.10 | F43: =IF(E43=0, "", IF(OR(E43=5, E43=3, MID(D43, 4, 2)="L1"), "NOT POA&Mable", "POA&Mable")) | G43: DIY | I43: the period of inactivity after which the system initiates a session lock is defined. | L43: Not Yet Assessed
A44: Access Control | B44: 3.1.10[b] | C44: 03.01.10.b | D44: AC.L2-3.1.10 | F44: =IF(E44=0, "", IF(OR(E44=5, E44=3, MID(D44, 4, 2)="L1"), "NOT POA&Mable", "POA&Mable")) | G44: DIY | I44: access to the system and viewing of data is prevented by initiating a session lock after the defined period of inactivity. | L44: Not Yet Assessed
A45: Access Control | B45: 3.1.10[c] | C45: 03.01.10.c | D45: AC.L2-3.1.10 | F45: =IF(E45=0, "", IF(OR(E45=5, E45=3, MID(D45, 4, 2)="L1"), "NOT POA&Mable", "POA&Mable")) | G45: DIY | I45: previously visible information is concealed via a pattern-hiding display after the defined period of inactivity. | L45: Not Yet Assessed
A46: Access Control | B46: 3.1.11 | C46: 03.01.11.0 | D46: AC.L2-3.1.11 | E46: 1 | F46: =IF(E46=0, "", IF(OR(E46=5, E46=3, MID(D46, 4, 2)="L1"), "NOT POA&Mable", "POA&Mable")) -> POA&Mable | G46: Hybrid | H46: Terminate (automatically) a user session after a defined condition. | I46: Determine if: | J46: [No Comment Provided] | L46: =IF(AND(L47="Fully Implemented", L48="Fully Implemented"), "Fully Implemented", "") | N46: =IF(AND(L47="Fully Implemented", L48="Fully Implemented"), 0, -1*E46) -> -1 | R46: =IF(N46=0, E46, 0) -> 0
A47: Access Control | B47: 3.1.11[a] | C47: 03.01.11.a | D47: AC.L2-3.1.11 | F47: =IF(E47=0, "", IF(OR(E47=5, E47=3, MID(D47, 4, 2)="L1"), "NOT POA&Mable", "POA&Mable")) | G47: DIY | I47: conditions requiring a user session to terminate are defined. | L47: Not Yet Assessed
A48: Access Control | B48: 3.1.11[b] | C48: 03.01.11.b | D48: AC.L2-3.1.11 | F48: =IF(E48=0, "", IF(OR(E48=5, E48=3, MID(D48, 4, 2)="L1"), "NOT POA&Mable", "POA&Mable")) | G48: Outsource | I48: a user session is automatically terminated after any of the defined conditions occur. | L48: Not Yet Assessed
A49: Access Control | B49: 3.1.12 | C49: 03.01.12.0 | D49: AC.L2-3.1.12 | E49: 5 | F49: =IF(E49=0, "", IF(OR(E49=5, E49=3, MID(D49, 4, 2)="L1"), "NOT POA&Mable", "POA&Mable")) -> NOT POA&Mable | G49: Hybrid | H49: Monitor and control remote access sessions. | I49: Determine if: | J49: Do not subtract points if remote access not permitted | L49: =IF(AND(L50="Fully Implemented", L51="Fully Implemented", L52="Fully Implemented", L53="Fully Implemented"), "Fully Implemented", "") | N49: =IF(AND(OR(L50="Fully Implemented", L50="Not Permitted"), OR(L51="Fully Implemented", L51="Not Permitted"), OR(L52="Fully Implemented", L52="Not Permitted"), OR(L53="Fully Implemented", L53="Not Permitted")), 0, -1*E49) -> -5
A50: Access Control | B50: 3.1.12[a] | C50: 03.01.12.a | D50: AC.L2-3.1.12 | F50: =IF(E50=0, "", IF(OR(E50=5, E50=3, MID(D50, 4, 2)="L1"), "NOT POA&Mable", "POA&Mable")) | G50: DIY | I50: remote access sessions are permitted. | L50: Not Yet Assessed | R50: =IF(N50=0, E50, 0) -> 0
A51: Access Control | B51: 3.1.12[b] | C51: 03.01.12.b | D51: AC.L2-3.1.12 | F51: =IF(E51=0, "", IF(OR(E51=5, E51=3, MID(D51, 4, 2)="L1"), "NOT POA&Mable", "POA&Mable")) | G51: Outsource | I51: the types of permitted remote access are identified. | L51: Not Yet Assessed
A52: Access Control | B52: 3.1.12[c] | C52: 03.01.12.c | D52: AC.L2-3.1.12 | F52: =IF(E52=0, "", IF(OR(E52=5, E52=3, MID(D52, 4, 2)="L1"), "NOT POA&Mable", "POA&Mable")) | G52: Outsource | I52: remote access sessions are controlled. | L52: Not Yet Assessed
A53: Access Control | B53: 3.1.12[d] | C53: 03.01.12.d | D53: AC.L2-3.1.12 | F53: =IF(E53=0, "", IF(OR(E53=5, E53=3, MID(D53, 4, 2)="L1"), "NOT POA&Mable", "POA&Mable")) | G53: Outsource | I53: remote access sessions are monitored. | L53: Not Yet Assessed
A54: Access Control | B54: 3.1.13 | C54: 03.01.13.0 | D54: AC.L2-3.1.13 | E54: 5 | F54: =IF(E54=0, "", IF(OR(E54=5, E54=3, MID(D54, 4, 2)="L1"), "NOT POA&Mable", "POA&Mable")) -> NOT POA&Mable | G54: Outsource | H54: Employ cryptographic mechanisms to protect the confidentiality of remote access sessions. | I54: Determine if: | J54: Do not subtract points if remote access not permitted | L54: =IF(AND(L55="Fully Implemented", L56="Fully Implemented"), "Fully Implemented", "") | N54: =IF(AND(OR(L55="Fully Implemented", L55="Not Permitted"), OR(L56="Fully Implemented", L56="Not Permitted")), 0, -1*E54) -> -5 | R54: =IF(N54=0, E54, 0) -> 0
A55: Access Control | B55: 3.1.13[a] | C55: 03.01.13.a | D55: AC.L2-3.1.13 | F55: =IF(E55=0, "", IF(OR(E55=5, E55=3, MID(D55, 4, 2)="L1"), "NOT POA&Mable", "POA&Mable")) | G55: Outsource | I55: cryptographic mechanisms to protect the confidentiality of remote access sessions are identified. | L55: Not Yet Assessed
A56: Access Control | B56: 3.1.13[b] | C56: 03.01.13.b | D56: AC.L2-3.1.13 | F56: =IF(E56=0, "", IF(OR(E56=5, E56=3, MID(D56, 4, 2)="L1"), "NOT POA&Mable", "POA&Mable")) | G56: Outsource | I56: cryptographic mechanisms to protect the confidentiality of remote access sessions are implemented. | L56: Not Yet Assessed
A57: Access Control | B57: 3.1.14 | C57: 03.01.14.0 | D57: AC.L2-3.1.14 | E57: 1 | F57: =IF(E57=0, "", IF(OR(E57=5, E57=3, MID(D57, 4, 2)="L1"), "NOT POA&Mable", "POA&Mable")) -> POA&Mable | G57: Outsource | H57: Route remote access via managed access control points. | I57: Determine if: | J57: [No Comment Provided] | L57: =IF(AND(L58="Fully Implemented", L59="Fully Implemented"), "Fully Implemented", "") | N57: =IF(AND(L58="Fully Implemented", L59="Fully Implemented"), 0, -1*E57) -> -1
A58: Access Control | B58: 3.1.14[a] | C58: 03.01.14.a | D58: AC.L2-3.1.14 | F58: =IF(E58=0, "", IF(OR(E58=5, E58=3, MID(D58, 4, 2)="L1"), "NOT POA&Mable", "POA&Mable")) | G58: Outsource | I58: managed access control points are identified and implemented. | L58: Not Yet Assessed
A59: Access Control | B59: 3.1.14[b] | C59: 03.01.14.b | D59: AC.L2-3.1.14 | F59: =IF(E59=0, "", IF(OR(E59=5, E59=3, MID(D59, 4, 2)="L1"), "NOT POA&Mable", "POA&Mable")) | G59: Outsource | I59: remote access is routed through managed network access control points. | L59: Not Yet Assessed
A60: Access Control | B60: 3.1.15 | C60: 03.01.15.0 | D60: AC.L2-3.1.15 | E60: 1 | F60: =IF(E60=0, "", IF(OR(E60=5, E60=3, MID(D60, 4, 2)="L1"), "NOT POA&Mable", "POA&Mable")) -> POA&Mable | G60: Outsource | H60: Authorize remote execution of privileged commands and remote access to security-relevant information. | I60: Determine if: | J60: [No Comment Provided] | L60: =IF(AND(L61="Fully Implemented", L62="Fully Implemented", L63="Fully Implemented", L64="Fully Implemented"), "Fully Implemented", "") | N60: =IF(AND(L61="Fully Implemented", L62="Fully Implemented", L63="Fully Implemented",L64="Fully Implemented"), 0, -1*E60) -> -1
A61: Access Control | B61: 3.1.15[a] | C61: 03.01.15.a | D61: AC.L2-3.1.15 | F61: =IF(E61=0, "", IF(OR(E61=5, E61=3, MID(D61, 4, 2)="L1"), "NOT POA&Mable", "POA&Mable")) | G61: Outsource | I61: privileged commands authorized for remote execution are identified. | L61: Not Yet Assessed | R61: =IF(N61=0, E61, 0) -> 0
A62: Access Control | B62: 3.1.15[b] | C62: 03.01.15.b | D62: AC.L2-3.1.15 | F62: =IF(E62=0, "", IF(OR(E62=5, E62=3, MID(D62, 4, 2)="L1"), "NOT POA&Mable", "POA&Mable")) | G62: Outsource | I62: security-relevant information authorized to be accessed remotely is identified. | L62: Not Yet Assessed
A63: Access Control | B63: 3.1.15[c] | C63: 03.01.15.c | D63: AC.L2-3.1.15 | F63: =IF(E63=0, "", IF(OR(E63=5, E63=3, MID(D63, 4, 2)="L1"), "NOT POA&Mable", "POA&Mable")) | G63: Outsource | I63: the execution of the identified privileged commands via remote access is authorized. | L63: Not Yet Assessed
A64: Access Control | B64: 3.1.15[d] | C64: 03.01.15.d | D64: AC.L2-3.1.15 | F64: =IF(E64=0, "", IF(OR(E64=5, E64=3, MID(D64, 4, 2)="L1"), "NOT POA&Mable", "POA&Mable")) | G64: Outsource | I64: access to the identified security-relevant information via remote access is authorized. | L64: Not Yet Assessed | R64: =IF(N64=0, E64, 0) -> 0
A65: Access Control | B65: 3.1.16 | C65: 03.01.16.0 | D65: AC.L2-3.1.16 | E65: 5 | F65: =IF(E65=0, "", IF(OR(E65=5, E65=3, MID(D65, 4, 2)="L1"), "NOT POA&Mable", "POA&Mable")) -> NOT POA&Mable | G65: DIY | H65: Authorize wireless access prior to allowing such connections. | I65: Determine if: | J65: Do not subtract points if wireless access not permitted | L65: =IF(AND(L66="Fully Implemented", L67="Fully Implemented"), "Fully Implemented", "") | N65: =IF(AND(OR(L66="Fully Implemented", L66="Not Permitted"), OR(L67="Fully Implemented", L67="Not Permitted")), 0, -1*E65) -> -5
A66: Access Control | B66: 3.1.16[a] | C66: 03.01.16.a | D66: AC.L2-3.1.16 | F66: =IF(E66=0, "", IF(OR(E66=5, E66=3, MID(D66, 4, 2)="L1"), "NOT POA&Mable", "POA&Mable")) | G66: DIY | I66: wireless access points are identified. | L66: Not Yet Assessed
A67: Access Control | B67: 3.1.16[b] | C67: 03.01.16.b | D67: AC.L2-3.1.16 | F67: =IF(E67=0, "", IF(OR(E67=5, E67=3, MID(D67, 4, 2)="L1"), "NOT POA&Mable", "POA&Mable")) | G67: Outsource | I67: wireless access is authorized prior to allowing such connections. | L67: Not Yet Assessed
A68: Access Control | B68: 3.1.17 | C68: 03.01.17.0 | D68: AC.L2-3.1.17 | E68: 5 | F68: =IF(E68=0, "", IF(OR(E68=5, E68=3, MID(D68, 4, 2)="L1"), "NOT POA&Mable", "POA&Mable")) -> NOT POA&Mable | G68: DIY | H68: Protect wireless access using authentication and encryption. | I68: Determine if: | J68: Do not subtract points if wireless access not permitted | L68: =IF(AND(L69="Fully Implemented", L70="Fully Implemented"), "Fully Implemented", "") | N68: =IF(AND(OR(L69="Fully Implemented", L69="Not Permitted"), OR(L70="Fully Implemented", L70="Not Permitted")), 0, -1*E68) -> -5
A69: Access Control | B69: 3.1.17[a] | C69: 03.01.17.a | D69: AC.L2-3.1.17 | F69: =IF(E69=0, "", IF(OR(E69=5, E69=3, MID(D69, 4, 2)="L1"), "NOT POA&Mable", "POA&Mable")) | G69: DIY | I69: wireless access to the system is protected using encryption. | L69: Not Yet Assessed
A70: Access Control | B70: 3.1.17[b] | C70: 03.01.17.b | D70: AC.L2-3.1.17 | F70: =IF(E70=0, "", IF(OR(E70=5, E70=3, MID(D70, 4, 2)="L1"), "NOT POA&Mable", "POA&Mable")) | G70: DIY | I70: wireless access to the system is protected using authentication. | L70: Not Yet Assessed
A71: Access Control | B71: 3.1.18 | C71: 03.01.18.0 | D71: AC.L2-3.1.18 | E71: 5 | F71: =IF(E71=0, "", IF(OR(E71=5, E71=3, MID(D71, 4, 2)="L1"), "NOT POA&Mable", "POA&Mable")) -> NOT POA&Mable | G71: Hybrid | H71: Control connection of mobile devices. | I71: Determine if: | J71: Do not subtract points if connection of mobile devices is not permitted. | L71: =IF(AND(L72="Fully Implemented", L73="Fully Implemented", L74="Fully Implemented"), "Fully Implemented", "") | N71: =IF(AND(OR(L72="Fully Implemented", L72="Not Permitted"), OR(L73="Fully Implemented", L73="Not Permitted"), OR(L74="Fully Implemented", L74="Not Permitted")), 0, -1*E71) -> -5 | R71: =IF(N71=0, E71, 0) -> 0
A72: Access Control | B72: 3.1.18[a] | C72: 03.01.18.a | D72: AC.L2-3.1.18 | F72: =IF(E72=0, "", IF(OR(E72=5, E72=3, MID(D72, 4, 2)="L1"), "NOT POA&Mable", "POA&Mable")) | G72: DIY | I72: mobile devices that process, store, or transmit CUI are identified. | L72: Not Yet Assessed
A73: Access Control | B73: 3.1.18[b] | C73: 03.01.18.b | D73: AC.L2-3.1.18 | F73: =IF(E73=0, "", IF(OR(E73=5, E73=3, MID(D73, 4, 2)="L1"), "NOT POA&Mable", "POA&Mable")) | G73: Outsource | I73: the connection of mobile devices is authorized. | L73: Not Yet Assessed
A74: Access Control | B74: 3.1.18[c] | C74: 03.01.18.c | D74: AC.L2-3.1.18 | F74: =IF(E74=0, "", IF(OR(E74=5, E74=3, MID(D74, 4, 2)="L1"), "NOT POA&Mable", "POA&Mable")) | G74: Outsource | I74: mobile device connections are monitored and logged. | L74: Not Yet Assessed
A75: Access Control | B75: 3.1.19 | C75: 03.01.19.0 | D75: AC.L2-3.1.19 | E75: 3 | F75: =IF(E75=0, "", IF(OR(E75=5, E75=3, MID(D75, 4, 2)="L1"), "NOT POA&Mable", "POA&Mable")) -> NOT POA&Mable | G75: Outsource | H75: Encrypt CUI on mobile devices and mobile computing platforms. | I75: Determine if: | J75: Exposure limited to CUI on mobile platform | L75: =IF(AND(L76="Fully Implemented", L77="Fully Implemented"), "Fully Implemented", "") | N75: =IF(AND(L76="Fully Implemented", L77="Fully Implemented"), 0, -1*E75) -> -3
A76: Access Control | B76: 3.1.19[a] | C76: 03.01.19.a | D76: AC.L2-3.1.19 | F76: =IF(E76=0, "", IF(OR(E76=5, E76=3, MID(D76, 4, 2)="L1"), "NOT POA&Mable", "POA&Mable")) | G76: Outsource | I76: mobile devices and mobile computing platforms that process, store, or transmit CUI are identified. | L76: Not Yet Assessed
A77: Access Control | B77: 3.1.19[b] | C77: 03.01.19.b | D77: AC.L2-3.1.19 | F77: =IF(E77=0, "", IF(OR(E77=5, E77=3, MID(D77, 4, 2)="L1"), "NOT POA&Mable", "POA&Mable")) | G77: Outsource | I77: encryption is employed to protect CUI on identified mobile devices and mobile computing platforms. | L77: Not Yet Assessed | R77: =IF(N77=0, E77, 0) -> 0 | S77: =SUM(R77:R163) -> 10 | T77: =IF(T3<>100, 0, IF(S77=(SUM(E77:E163)+10), 100, IF(S77=SUM(E77:E163)+8, 98, S77))) -> 0
A78: Access Control | B78: 3.1.20 | C78: 03.01.20.0 | D78: AC.L1-3.1.20 | E78: 1 | F78: =IF(E78=0, "", IF(OR(E78=5, E78=3, MID(D78, 4, 2)="L1"), "NOT POA&Mable", "POA&Mable")) -> NOT POA&Mable | G78: Hybrid | H78: Verify and control/limit connections to and use of external systems. | I78: Determine if: | J78: [No Comment Provided] | L78: =IF(AND(L79="Fully Implemented", L80="Fully Implemented", L81="Fully Implemented", L82="Fully Implemented", L83="Fully Implemented", L84="Fully Implemented"), "Fully Implemented", "") | N78: =IF(AND(L79="Fully Implemented", L80="Fully Implemented", L81="Fully Implemented",L82="Fully Implemented",L83="Fully Implemented",L84="Fully Implemented"), 0, -1*E78) -> -1
A79: Access Control | B79: 3.1.20[a] | C79: 03.01.20.a | D79: AC.L1-3.1.20 | F79: =IF(E79=0, "", IF(OR(E79=5, E79=3, MID(D79, 4, 2)="L1"), "NOT POA&Mable", "POA&Mable")) | G79: DIY | I79: connections to external systems are identified. | L79: Not Yet Assessed
A80: Access Control | B80: 3.1.20[b] | C80: 03.01.20.b | D80: AC.L1-3.1.20 | F80: =IF(E80=0, "", IF(OR(E80=5, E80=3, MID(D80, 4, 2)="L1"), "NOT POA&Mable", "POA&Mable")) | G80: DIY | I80: use of external systems is identified. | L80: Not Yet Assessed | R80: =IF(N80=0, 10, 0) -> 10
A81: Access Control | B81: 3.1.20[c] | C81: 03.01.20.c | D81: AC.L1-3.1.20 | F81: =IF(E81=0, "", IF(OR(E81=5, E81=3, MID(D81, 4, 2)="L1"), "NOT POA&Mable", "POA&Mable")) | G81: Outsource | I81: connections to external systems are verified. | L81: Not Yet Assessed
A82: Access Control | B82: 3.1.20[d] | C82: 03.01.20.d | D82: AC.L1-3.1.20 | F82: =IF(E82=0, "", IF(OR(E82=5, E82=3, MID(D82, 4, 2)="L1"), "NOT POA&Mable", "POA&Mable")) | G82: Outsource | I82: use of external systems is verified. | L82: Not Yet Assessed
A83: Access Control | B83: 3.1.20[e] | C83: 03.01.20.e | D83: AC.L1-3.1.20 | F83: =IF(E83=0, "", IF(OR(E83=5, E83=3, MID(D83, 4, 2)="L1"), "NOT POA&Mable", "POA&Mable")) | G83: Outsource | I83: connections to external systems are controlled/limited. | L83: Not Yet Assessed
A84: Access Control | B84: 3.1.20[f] | C84: 03.01.20.f | D84: AC.L1-3.1.20 | F84: =IF(E84=0, "", IF(OR(E84=5, E84=3, MID(D84, 4, 2)="L1"), "NOT POA&Mable", "POA&Mable")) | G84: Outsource | I84: use of external systems is controlled/limited. | L84: Not Yet Assessed
A85: Access Control | B85: 3.1.21 | C85: 03.01.21.0 | D85: AC.L2-3.1.21 | E85: 1 | F85: =IF(E85=0, "", IF(OR(E85=5, E85=3, MID(D85, 4, 2)="L1"), "NOT POA&Mable", "POA&Mable")) -> POA&Mable | G85: DIY | H85: Limit use of organizational portable storage devices on external systems. | I85: Determine if: | J85: [No Comment Provided] | L85: =IF(AND(L86="Fully Implemented", L87="Fully Implemented", L88="Fully Implemented"), "Fully Implemented", "") | N85: =IF(AND(OR(L86="Fully Implemented", L86="Not Permitted"), OR(L87="Fully Implemented", L87="Not Permitted"), OR(L88="Fully Implemented", L88="Not Permitted")), 0, -1*E85) -> -1
A86: Access Control | B86: 3.1.21[a] | C86: 03.01.21.a | D86: AC.L2-3.1.21 | F86: =IF(E86=0, "", IF(OR(E86=5, E86=3, MID(D86, 4, 2)="L1"), "NOT POA&Mable", "POA&Mable")) | G86: DIY | I86: use of organizational portable storage devices containing CUI on external systems is identified and documented. | L86: Not Yet Assessed
A87: Access Control | B87: 3.1.21[b] | C87: 03.01.21.b | D87: AC.L2-3.1.21 | F87: =IF(E87=0, "", IF(OR(E87=5, E87=3, MID(D87, 4, 2)="L1"), "NOT POA&Mable", "POA&Mable")) | G87: DIY | I87: limits on the use of organizational portable storage devices containing CUI on external systems are defined. | L87: Not Yet Assessed
A88: Access Control | B88: 3.1.21[c] | C88: 03.01.21.c | D88: AC.L2-3.1.21 | F88: =IF(E88=0, "", IF(OR(E88=5, E88=3, MID(D88, 4, 2)="L1"), "NOT POA&Mable", "POA&Mable")) | G88: DIY | I88: use of organizational portable storage devices containing CUI on external systems is limited as defined. | L88: Not Yet Assessed
A89: Access Control | B89: 3.1.22 | C89: 03.01.22.0 | D89: AC.L1-3.1.22 | E89: 1 | F89: =IF(E89=0, "", IF(OR(E89=5, E89=3, MID(D89, 4, 2)="L1"), "NOT POA&Mable", "POA&Mable")) -> NOT POA&Mable | G89: DIY | H89: Control CUI posted or processed on publicly accessible systems. | I89: Determine if CUI posted or processed on publicly accessible systems is controlled. | J89: [No Comment Provided] | L89: =IF(AND(L90="Fully Implemented", L91="Fully Implemented", L92="Fully Implemented", L93="Fully Implemented", L94="Fully Implemented"), "Fully Implemented", "") | N89: =IF(AND(L90="Fully Implemented", L91="Fully Implemented", L92="Fully Implemented",L93="Fully Implemented",L94="Fully Implemented"), 0, -1*E89) -> -1 | R89: =IF(N89=0, E89, 0) -> 0
A90: Access Control | B90: 3.1.22[a] | C90: 03.01.22.a | D90: AC.L1-3.1.22 | F90: =IF(E90=0, "", IF(OR(E90=5, E90=3, MID(D90, 4, 2)="L1"), "NOT POA&Mable", "POA&Mable")) | G90: DIY | I90: individuals authorized to post or process information on publicly accessible systems are identified. | L90: Not Yet Assessed
A91: Access Control | B91: 3.1.22[b] | C91: 03.01.22.b | D91: AC.L1-3.1.22 | F91: =IF(E91=0, "", IF(OR(E91=5, E91=3, MID(D91, 4, 2)="L1"), "NOT POA&Mable", "POA&Mable")) | G91: DIY | I91: procedures to ensure CUI is not posted or processed on publicly accessible systems are identified. | L91: Not Yet Assessed
A92: Access Control | B92: 3.1.22[c] | C92: 03.01.22.c | D92: AC.L1-3.1.22 | F92: =IF(E92=0, "", IF(OR(E92=5, E92=3, MID(D92, 4, 2)="L1"), "NOT POA&Mable", "POA&Mable")) | G92: DIY | I92: a review process in in place prior to posting of any content to publicly accessible systems. | L92: Not Yet Assessed
A93: Access Control | B93: 3.1.22[d] | C93: 03.01.22.d | D93: AC.L1-3.1.22 | F93: =IF(E93=0, "", IF(OR(E93=5, E93=3, MID(D93, 4, 2)="L1"), "NOT POA&Mable", "POA&Mable")) | G93: DIY | I93: content on publicly accessible information systems is reviewed to ensure that it does not include CUI. | L93: Not Yet Assessed
A94: Access Control | B94: 3.1.22[e] | C94: 03.01.22.e | D94: AC.L1-3.1.22 | F94: =IF(E94=0, "", IF(OR(E94=5, E94=3, MID(D94, 4, 2)="L1"), "NOT POA&Mable", "POA&Mable")) | G94: DIY | I94: mechanisms are in place to remove and address improper posting of CUI. | L94: Not Yet Assessed | R94: =IF(N94=0, E94, 0) -> 0
A95: Awareness and Training | B95: 3.2.1 | C95: 03.02.01.0 | D95: AT.L2-3.2.1 | E95: 5 | F95: =IF(E95=0, "", IF(OR(E95=5, E95=3, MID(D95, 4, 2)="L1"), "NOT POA&Mable", "POA&Mable")) -> NOT POA&Mable | G95: Hybrid | H95: Ensure that managers, systems administrators, and users of organizational systems are made aware of the security risks associated with their activities and of the applicable policies, standards, and procedures related to the security of those systems. | I95: Determine if: | J95: [No Comment Provided] | L95: =IF(AND(L96="Fully Implemented", L97="Fully Implemented", L98="Fully Implemented", L99="Fully Implemented"), "Fully Implemented", "") | N95: =IF(AND(L96="Fully Implemented", L97="Fully Implemented", L98="Fully Implemented",L99="Fully Implemented"), 0, -1*E95) -> -5
A96: Awareness and Training | B96: 3.2.1[a] | C96: 03.02.01.a | D96: AT.L2-3.2.1 | F96: =IF(E96=0, "", IF(OR(E96=5, E96=3, MID(D96, 4, 2)="L1"), "NOT POA&Mable", "POA&Mable")) | G96: Outsource | I96: security risks associated with organizational activities involving CUI are identified. | L96: Not Yet Assessed
A97: Awareness and Training | B97: 3.2.1[b] | C97: 03.02.01.b | D97: AT.L2-3.2.1 | F97: =IF(E97=0, "", IF(OR(E97=5, E97=3, MID(D97, 4, 2)="L1"), "NOT POA&Mable", "POA&Mable")) | G97: DIY | I97: policies, standards, and procedures related to the security of the system are identified. | L97: Not Yet Assessed | R97: =IF(N97=0, E97, 0) -> 0
A98: Awareness and Training | B98: 3.2.1[c] | C98: 03.02.01.c | D98: AT.L2-3.2.1 | F98: =IF(E98=0, "", IF(OR(E98=5, E98=3, MID(D98, 4, 2)="L1"), "NOT POA&Mable", "POA&Mable")) | G98: Outsource | I98: managers, systems administrators, and users of the system are made aware of the security risks associated with their activities. | L98: Not Yet Assessed
A99: Awareness and Training | B99: 3.2.1[d] | C99: 03.02.01.d | D99: AT.L2-3.2.1 | F99: =IF(E99=0, "", IF(OR(E99=5, E99=3, MID(D99, 4, 2)="L1"), "NOT POA&Mable", "POA&Mable")) | G99: Outsource | I99: managers, systems administrators, and users of the system are made aware of the applicable policies, standards, and procedures related to the security of the system. | L99: Not Yet Assessed
A100: Awareness and Training | B100: 3.2.2 | C100: 03.02.02.0 | D100: AT.L2-3.2.2 | E100: 5 | F100: =IF(E100=0, "", IF(OR(E100=5, E100=3, MID(D100, 4, 2)="L1"), "NOT POA&Mable", "POA&Mable")) -> NOT POA&Mable | G100: Hybrid | H100: Ensure that organizational personnel are adequately trained to carry out their assigned information security-related duties and responsibilities. | I100: Determine if: | J100: [No Comment Provided] | L100: =IF(AND(L101="Fully Implemented", L102="Fully Implemented", L103="Fully Implemented"), "Fully Implemented", "") | N100: =IF(AND(OR(L101="Fully Implemented", L101="Not Permitted"), OR(L102="Fully Implemented", L102="Not Permitted"), OR(L103="Fully Implemented", L103="Not Permitted")), 0, -1*E100) -> -5 | R100: =IF(N100=0, E100, 0) -> 0
...

Sheet POA&Ms
B1: Relevant Requirement(s)/Objective(s): | C1: 3.12.2a, 3.12.2b | D1: Last Reviewed by (and on):
A2: Plans of Action and Milestones (Scroll Down for Complete List)
A3: Requirement/Objective w/Other Than Fully Addressed Status | B3: Responsible Office/Organization | C3: Resource Estimate (Funded, Unfunded, Reallocated) | D3: Initial Remediation Plan Milestones with Interim Completion Dates | E3: Changes to Milestones
A4: =IF('SSP - DoDAM & SPRS Score'!L3<>"Fully Addressed", 'SSP - DoDAM & SPRS Score'!B3& " - " &IF('SSP - DoDAM & SPRS Score'!H3<>"", 'SSP - DoDAM & SPRS Score'!H3, 'SSP - DoDAM & SPRS Score'!I3)) -> 3.1.1 - Limit system access to authorized users, processes acting on behalf of authorized users, and devices (including other systems).
A5: =IF(AND('SSP - DoDAM & SPRS Score'!L4<>"Fully Addressed", 'SSP - DoDAM & SPRS Score'!L4<>"Not Assessed"), 'SSP - DoDAM & SPRS Score'!B4& " - " &IF('SSP - DoDAM & SPRS Score'!H4<>"", 'SSP - DoDAM & SPRS Score'!H4, 'SSP - DoDAM & SPRS Score'!I4)) -> 3.1.1[a] - authorized users are identified.
A6: =IF('SSP - DoDAM & SPRS Score'!L5<>"Fully Addressed", 'SSP - DoDAM & SPRS Score'!B5& " - " &IF('SSP - DoDAM & SPRS Score'!H5<>"", 'SSP - DoDAM & SPRS Score'!H5, 'SSP - DoDAM & SPRS Score'!I5)) -> 3.1.1[b] - processes acting on behalf of authorized users are identified.
A7: =IF('SSP - DoDAM & SPRS Score'!L6<>"Fully Addressed", 'SSP - DoDAM & SPRS Score'!B6& " - " &IF('SSP - DoDAM & SPRS Score'!H6<>"", 'SSP - DoDAM & SPRS Score'!H6, 'SSP - DoDAM & SPRS Score'!I6)) -> 3.1.1[c] - devices (including other systems) authorized to connect to the system are identified.
A8: =IF('SSP - DoDAM & SPRS Score'!L7<>"Fully Addressed", 'SSP - DoDAM & SPRS Score'!B7& " - " &IF('SSP - DoDAM & SPRS Score'!H7<>"", 'SSP - DoDAM & SPRS Score'!H7, 'SSP - DoDAM & SPRS Score'!I7)) -> 3.1.1[d] - system access is limited to authorized users.
A9: =IF('SSP - DoDAM & SPRS Score'!L8<>"Fully Addressed", 'SSP - DoDAM & SPRS Score'!B8& " - " &IF('SSP - DoDAM & SPRS Score'!H8<>"", 'SSP - DoDAM & SPRS Score'!H8, 'SSP - DoDAM & SPRS Score'!I8)) -> 3.1.1[e] - system access is limited to processes acting on behalf of authorized users.
A10: =IF('SSP - DoDAM & SPRS Score'!L9<>"Fully Addressed", 'SSP - DoDAM & SPRS Score'!B9& " - " &IF('SSP - DoDAM & SPRS Score'!H9<>"", 'SSP - DoDAM & SPRS Score'!H9, 'SSP - DoDAM & SPRS Score'!I9)) -> 3.1.1[f] - system access is limited to authorized devices (including other systems).
A11: =IF('SSP - DoDAM & SPRS Score'!L10<>"Fully Addressed", 'SSP - DoDAM & SPRS Score'!B10& " - " &IF('SSP - DoDAM & SPRS Score'!H10<>"", 'SSP - DoDAM & SPRS Score'!H10, 'SSP - DoDAM & SPRS Score'!I10)) -> 3.1.2 - Limit system access to the types of transactions and functions that authorized users are permitted to execute.
A12: =IF('SSP - DoDAM & SPRS Score'!L11<>"Fully Addressed", 'SSP - DoDAM & SPRS Score'!B11& " - " &IF('SSP - DoDAM & SPRS Score'!H11<>"", 'SSP - DoDAM & SPRS Score'!H11, 'SSP - DoDAM & SPRS Score'!I11)) -> 3.1.2[a] - the types of transactions and functions that authorized users are permitted to execute are defined
A13: =IF('SSP - DoDAM & SPRS Score'!L12<>"Fully Addressed", 'SSP - DoDAM & SPRS Score'!B12& " - " &IF('SSP - DoDAM & SPRS Score'!H12<>"", 'SSP - DoDAM & SPRS Score'!H12, 'SSP - DoDAM & SPRS Score'!I12)) -> 3.1.2[b] - system access is limited to the defined types of transactions and functions for authorized users.
A14: =IF('SSP - DoDAM & SPRS Score'!L13<>"Fully Addressed", 'SSP - DoDAM & SPRS Score'!B13& " - " &IF('SSP - DoDAM & SPRS Score'!H13<>"", 'SSP - DoDAM & SPRS Score'!H13, 'SSP - DoDAM & SPRS Score'!I13)) -> 3.1.3 - Control the flow of CUI in accordance with approved authorizations.
A15: =IF('SSP - DoDAM & SPRS Score'!L14<>"Fully Addressed", 'SSP - DoDAM & SPRS Score'!B14& " - " &IF('SSP - DoDAM & SPRS Score'!H14<>"", 'SSP - DoDAM & SPRS Score'!H14, 'SSP - DoDAM & SPRS Score'!I14)) -> 3.1.3[a] - information flow control policies are defined.
A16: =IF('SSP - DoDAM & SPRS Score'!L15<>"Fully Addressed", 'SSP - DoDAM & SPRS Score'!B15& " - " &IF('SSP - DoDAM & SPRS Score'!H15<>"", 'SSP - DoDAM & SPRS Score'!H15, 'SSP - DoDAM & SPRS Score'!I15)) -> 3.1.3[b] - methods and enforcement mechanisms for controlling the flow of CUI are defined.
A17: =IF('SSP - DoDAM & SPRS Score'!L16<>"Fully Addressed", 'SSP - DoDAM & SPRS Score'!B16& " - " &IF('SSP - DoDAM & SPRS Score'!H16<>"", 'SSP - DoDAM & SPRS Score'!H16, 'SSP - DoDAM & SPRS Score'!I16)) -> 3.1.3[c] - designated sources and destinations (e.g., networks, individuals, and devices) for CUI within systems and between interconnected systems are identified.
... A88: =IF('SSP - DoDAM & SPRS Score'!L87<>"Fully Addressed", 'SSP - DoDAM & SPRS Score'!B87& " - " &IF('SSP - DoDAM & SPRS Score'!H87<>"", 'SSP - DoDAM & SPRS Score'!H87, 'SSP - DoDAM & SPRS Score'!I87)) -> 3.1.21[b] - limits on the use of organizational portable storage devices containing CUI on external systems are defined.
A89: =IF('SSP - DoDAM & SPRS Score'!L89<>"Fully Addressed", 'SSP - DoDAM & SPRS Score'!B89& " - " &IF('SSP - DoDAM & SPRS Score'!H89<>"", 'SSP - DoDAM & SPRS Score'!H89, 'SSP - DoDAM & SPRS Score'!I89)) -> 3.1.22 - Control CUI posted or processed on publicly accessible systems.
A90: =IF('SSP - DoDAM & SPRS Score'!L90<>"Fully Addressed", 'SSP - DoDAM & SPRS Score'!B90& " - " &IF('SSP - DoDAM & SPRS Score'!H90<>"", 'SSP - DoDAM & SPRS Score'!H90, 'SSP - DoDAM & SPRS Score'!I90)) -> 3.1.22[a] - individuals authorized to post or process information on publicly accessible systems are identified.
A91: =IF('SSP - DoDAM & SPRS Score'!L91<>"Fully Addressed", 'SSP - DoDAM & SPRS Score'!B91& " - " &IF('SSP - DoDAM & SPRS Score'!H91<>"", 'SSP - DoDAM & SPRS Score'!H91, 'SSP - DoDAM & SPRS Score'!I91)) -> 3.1.22[b] - procedures to ensure CUI is not posted or processed on publicly accessible systems are identified.
A92: =IF('SSP - DoDAM & SPRS Score'!L92<>"Fully Addressed", 'SSP - DoDAM & SPRS Score'!B92& " - " &IF('SSP - DoDAM & SPRS Score'!H92<>"", 'SSP - DoDAM & SPRS Score'!H92, 'SSP - DoDAM & SPRS Score'!I92)) -> 3.1.22[c] - a review process in in place prior to posting of any content to publicly accessible systems.
A93: =IF('SSP - DoDAM & SPRS Score'!L93<>"Fully Addressed", 'SSP - DoDAM & SPRS Score'!B93& " - " &IF('SSP - DoDAM & SPRS Score'!H93<>"", 'SSP - DoDAM & SPRS Score'!H93, 'SSP - DoDAM & SPRS Score'!I93)) -> 3.1.22[d] - content on publicly accessible information systems is reviewed to ensure that it does not include CUI.
A94: =IF('SSP - DoDAM & SPRS Score'!L94<>"Fully Addressed", 'SSP - DoDAM & SPRS Score'!B94& " - " &IF('SSP - DoDAM & SPRS Score'!H94<>"", 'SSP - DoDAM & SPRS Score'!H94, 'SSP - DoDAM & SPRS Score'!I94)) -> 3.1.22[e] - mechanisms are in place to remove and address improper posting of CUI.
A95: =IF('SSP - DoDAM & SPRS Score'!L95<>"Fully Addressed", 'SSP - DoDAM & SPRS Score'!B95& " - " &IF('SSP - DoDAM & SPRS Score'!H95<>"", 'SSP - DoDAM & SPRS Score'!H95, 'SSP - DoDAM & SPRS Score'!I95)) -> 3.2.1 - Ensure that managers, systems administrators, and users of organizational systems are made aware of the security risks associated with their activities and of the applicable policies, standards, and procedures related to the security of those systems.
A96: =IF('SSP - DoDAM & SPRS Score'!L96<>"Fully Addressed", 'SSP - DoDAM & SPRS Score'!B96& " - " &IF('SSP - DoDAM & SPRS Score'!H96<>"", 'SSP - DoDAM & SPRS Score'!H96, 'SSP - DoDAM & SPRS Score'!I96)) -> 3.2.1[a] - security risks associated with organizational activities involving CUI are identified.
A97: =IF('SSP - DoDAM & SPRS Score'!L97<>"Fully Addressed", 'SSP - DoDAM & SPRS Score'!B97& " - " &IF('SSP - DoDAM & SPRS Score'!H97<>"", 'SSP - DoDAM & SPRS Score'!H97, 'SSP - DoDAM & SPRS Score'!I97)) -> 3.2.1[b] - policies, standards, and procedures related to the security of the system are identified.
A98: =IF('SSP - DoDAM & SPRS Score'!L98<>"Fully Addressed", 'SSP - DoDAM & SPRS Score'!B98& " - " &IF('SSP - DoDAM & SPRS Score'!H98<>"", 'SSP - DoDAM & SPRS Score'!H98, 'SSP - DoDAM & SPRS Score'!I98)) -> 3.2.1[c] - managers, systems administrators, and users of the system are made aware of the security risks associated with their activities.
A99: =IF('SSP - DoDAM & SPRS Score'!L99<>"Fully Addressed", 'SSP - DoDAM & SPRS Score'!B99& " - " &IF('SSP - DoDAM & SPRS Score'!H99<>"", 'SSP - DoDAM & SPRS Score'!H99, 'SSP - DoDAM & SPRS Score'!I99)) -> 3.2.1[d] - managers, systems administrators, and users of the system are made aware of the applicable policies, standards, and procedures related to the security of the system.
A100: =IF('SSP - DoDAM & SPRS Score'!L100<>"Fully Addressed", 'SSP - DoDAM & SPRS Score'!B100& " - " &IF('SSP - DoDAM & SPRS Score'!H100<>"", 'SSP - DoDAM & SPRS Score'!H100, 'SSP - DoDAM & SPRS Score'!I100)) -> 3.2.2 - Ensure that organizational personnel are adequately trained to carry out their assigned information security-related duties and responsibilities.
... A410: =IF('SSP - DoDAM & SPRS Score'!L410<>"Fully Addressed", 'SSP - DoDAM & SPRS Score'!B410& " - " &IF('SSP - DoDAM & SPRS Score'!H410<>"", 'SSP - DoDAM & SPRS Score'!H410, 'SSP - DoDAM & SPRS Score'!I410)) -> -

Sheet Privileged Accounts
A1: Relevant Requirement(s)/Objective(s): | B1: 3.1.5a, 3.1.15a, 3.1.15b, 3.5.3a | C1: Last Reviewed by: | E1: Last Reviewed on:
A2: Account Name | B2: Account Purpose | C2: List of Cloud Services and External Systems Account is Authorized to Access | D2: List of Systems/Subsystems/ Hardware Account is Authorized to Access | E2: List of Software Account is Authorized to Access | F2: Is Account Authorized to Access System Remotely? (Yes/No) | G2: Is Account Authorized to Access System Security Information Remotely? (Yes/No) | H2: List of Privileged Commands Account is Authorized to Remotely Execute | I2: List of Security Information Types Account is Authorized to Remotely Access | J2: List of User(s)/Role(s) of Which Account is Authorized to Act on Behalf | K2: Date Password Last Changed

Sheet Physical Location(s) Info.
A1: Relevant Requirement(s)/ Objective(s): | B1: 3.10.1a, 3.10.5a | C1: Last Reviewed By: | E1: Last Reviewed On:
C2: Location 1 | D2: Location 2 | E2: Location 3 | F2: Location 4
A3: Location Name/Description
A4: Address 1
A5: Address 2
A6: City
A7: State
A8: Country
A9: Postal Code
A10: Room(s)/Floor(s)/Cage(s)
A11: Accountable Role/Individual
A12: Entry 1 | B12: Location
B13: Physical Access Device
B14: Other Description
A15: Entry 2 | B15: Location
B16: Physical Access Device
B17: Other Description
A18: Entry 3 | B18: Location
B19: Physical Access Device
B20: Other Description
A21: Entry 4 | B21: Location
B22: Physical Access Device
B23: Other Description

Sheet Users Auth. to Access System
A1: Relevant Requirement(s)/ Objective(s): | B1: 3.1.1a, 3.5.1a | C1: Last Reviewed By: | E1: Last Reviewed On:
A2: User ID | B2: Access Authorization Start Date | C2: Access Authorization End Date | D2: Account Authorized By (Name) | E2: User First Name | F2: User Last Name | G2: Organization Name | H2: E-mail Address | I2: User Role(s) | J2: Date Account Created | K2: Date Account Disabled

Sheet User Roles
A1: Relevant Requirement(s)/ Objective(s): | B1: 3.1.2a, 3.1.22b | C1: Last Reviewed By: | E1: Last Reviewed On:
A2: Role Name/Description | B2: Authorized to Access System Remotely (Yes/No) | C2: Authorized to Post or Process Information on Publicly Accessible Systems (Yes/No) | D2: Authorized to Read FCI (Yes/No) | E2: Authorized to Create FCI (Yes/No) | F2: Authorized to Delete FCI (Yes/No) | G2: Authorized to Modify/Update FCI (Yes/No) | H2: Type(s) of CUI Users in this Role are Authorized to Read | I2: Type(s) of CUI Users in this Role are Authorized to Create | J2: Type(s) of CUI Users in this Role are Authorized to Delete | K2: Type(s) of CUI Users in this Role are Authorized to Modify/Update

Sheet Authorized Visitor List
A1: Visitor First Name | B1: Visitor Last Name | C1: Visitor Organization | D1: Role | E1: Mobile Phone | F1: Purpose of Visit(s) | G1: Visit Authorized By | H1: Authorization Begins | I1: Authorization Ends | J1: Information Categories Individual is Authorized to View/Access | K1: Area(s) Invididual is Authorized to Visit | L1: Escort Required

Sheet Visitor Access Log
A1: Visitor First Name | B1: Visitor Last Name | C1: Arrival Date | D1: Arrival Time | E1: Previously Authorized? | F1: Authorized By | G1: Escort Name | H1: Departure Date | I1: Departure Time

Sheet Sub-Systems
A1: Organization Name: | G1: Inventory Date | I1: Inventoried By
A2: System Name/ Description | B2: Accessible by the Public? | C2: Potential Business Impact | F2: Physical Machine(s)/ Cloud Service Provider | G2: Virtual Machine(s)/ Capabilities | H2: Datacenter/Office | I2: Subnet/VLAN | J2: Responsible Technical Point(s) of Contact (Role/Person) | K2: Accountable System Owner (Role)
C3: Confidentiality | D3: Integrity | E3: Availability

Sheet Hardware Inventory
A1: Relevant Requirement(s)/ Objective(s): | B1: 3.1.1c, 3.1.16a, 3.1.14a, 3.1.13a, 3.1.18a, 3.1.19a, 3.1.19b, 3.5.1c, 3.10.1a, 3.13.5a, 3.13.12a, 3.14.2a | C1: Last Reviewed By: | E1: Last Reviewed On:
A2: Asset Name/ID | B2: Of Which System(s)/ Subsystem(s) is this a Part (if any)? | C2: Hardware Make/OEM | D2: Mobile Device (Yes/No) | E2: Model | F2: Version | G2: BIOS Version | H2: Operating System | I2: Operating System Version | J2: Includes Wireless Access Point (Yes/No) | K2: Name and Version of Encryption Module Used to Secure Wireless Access (Include link to FIPS 140 Validation) | L2: Provides Managed Remote Access to System (Yes/No) | M2: Publicly Accessible? (Yes/No) | N2: Collaborative Computing Device? (Yes/No) | O2: Authorized to Connect Remotely (Yes/No) | P2: Name and Version of Encryption Module used to Secure Remote Access Sessions (Include link to FIPS 140 Validation) | Q2: Malicious Code Protection Required (Yes/No) | R2: End of Life/End of Support Date | S2: Accountable person/role | T2: Physical Location(s) from which Hardware Operates | U2: Role(s) Permitted Physical Access | V2: Stores, Transmits, or Processes FCI (Yes/No) | W2: CUI Type(s) Stored, Processed, or Transmitted | X2: Is Data Stored on the Device Encrypted by Default? (Yes/No) | Y2: Name and Version Number of Encryption Module used to Secure Data Stored on the Device (Include link to FIPS 140 Validation) | Z2: Asset Category*
AA3: *See CMMC Scoping Guide for Asset Category Descriptions
AA4: OUSD A&S - Cybersecurity Maturity Model Certification (CMMC) (osd.mil)

Sheet Software Inventory
A1: Relevant Requirement(s)/ Objective(s): | B1: 3.1.1b, 3.4.8b, 3.5.1b | C1: Last Reviewed By: | E1: Last Reviewed On:
A2: Category/Purpose | B2: Developer | C2: Software Title/Name | D2: Version | E2: Latest Update | F2: Installed on System/Hardware | G2: Responsible Person or Role | H2: Authorized to Perform Actions on Behalf of a User? (Yes/No) | I2: Stores, Transmits, or Processes FCI | J2: CUI Type(s) Stored, Processed, or Transmitted | K2: Asset Category
M3: See CMMC Scoping Guide for Asset Category Descriptions
M4: OUSD A&S - Cybersecurity Maturity Model Certification (CMMC) (osd.mil)

Sheet Cloud Svc. & Ext. Syst Invent.
A1: Relevant Requirement(s)/ Objective(s): | B1: 3.1.20a, 3.1.20b | C1: Last Reviewed By: | E1: Last Reviewed On:
A2: Category/Purpose | B2: External System/Cloud Service Provider Name | C2: Service Title/Name | D2: Version/Subscription Type | E2: URL | F2: Responsible Person or Role | G2: Service Responsibility Matrix Location | H2: Stores, Transmits, or Processes FCI | I2: CUI Type(s) Stored, Processed, or Transmitted | J2: Asset Category
L4: See CMMC Scoping Guide for Asset Category Descriptions
L5: OUSD A&S - Cybersecurity Maturity Model Certification (CMMC) (osd.mil)

Sheet Info. Sources and Destinations
A1: Relevant Requirement(s)/ Objective(s): | C1: 3.1.3c, 3.13.8a | D1: Last Reviewed By: | H1: Last Reviewed On:
A2: Information Definition | H2: Information Origination Details | K2: Information Sharing and Movement | Q2: Organization Systems and Devices Involved in the Receipt, Creation, Storage, Processing, and/or Sharing of the Information (including network and mobile devices, workstations, servers, etc.) | U2: Data Storage Details | Y2: People and Groups (e.g. Business Units, Organizational Roles, etc.) with Express or Inherent Access | AA2: Additional Details for Personally Identifiable Information, Personal Health Information, Financial Information
A3: Overview | D3: If the information is CUI | H3: Incoming Information | J3: Internally Created Information | K3: Information Transmission Type | L3: Transmission Protocol (Name and Version) | M3: Government Agencies/Offices with which Info. was/will be Shared | N3: Subcontractor(s) or Vendor(s) with which Info. was/will be Shared | O3: Encryption Module (Name and Version) Used by Source to Secure the Transmission (Include Link to FIPS 140 Validation) | P3: Encryption Module (Name and Version) Used by Destination to Secure the Transmission (Include Link to FIPS 140 Validation) | Q3: Involved in Origination/Receipt | R3: Involved in Storage (including backup/long term storage equipment, file cabinets, off-site storage, etc.) | S3: Involved in Processing the Information | T3: Involved in Sharing/Transmitting | U3: Are Copies Made of the Information, such as for use in Production or Manufacturing Equipment? If so, are all Restrictive Markings Preserved? | V3: Are Copies of the Information Kept by the Organization after the Contract ends? If so, are all Restrictive Markings Preserved? | W3: If the Information is stored on, or transmitted or processed via, a cloud-based service provider, is the information encrypted such that the service provider cannot view/edit the information? | X3: Are all Electronic Copies of the Information Encrypted Using FIPS 140-2 (or newer) Validated Module? | Y3: Express Access (i.e., access expressly granted via access controls) | Z3: Inherent Access (i.e., groups with access granted due to information being accessible to everyone, or users/groups with authority to modify access controls) | AA3: Data Source (from where does the data originate?) | AB3: Accountable Individual/Role at Source | AD3: Data Subject Type (e.g., consumer, customer, business prospect, employee, etc.) | AE3: Data Subject Location(s) (Country and State) | AF3: Personal Data Categories (e.g., race, ethnic origin, political opinions, religious beliefs, union membership, genetic/biometric data, health data, sex life, sexual orientation) | AG3: Data Element(s) Collected (e.g., height, weight, eye color, fingerprint, race, prescribed medicines, medical history, etc.) | AH3: Data Controller | AI3: Data Controller Representative | AJ3: Data Protection Officer | AK3: Purpose of Processing and/or Transfer (i.e., why are you collecting the data or giving it to someone else) | AL3: Time Limits for Erasure of the Information (i.e., how long after you receive the data do you delete it?)
A4: Information Description | B4: Information Category (e.g., Personally Identifiable Information, FCI, CUI, etc.) | C4: Relevant Contract Number(s)/ID(s) | D4: Designating Agency (if CUI) | E4: Is the information CUI Basic or CUI Specified | F4: If CUI Specified, List the Relevant Additional Safeguarding or Dissemination Control(s) | G4: Is the Information Subject to Export Control Regulations (e.g., ITAR/EAR)? | H4: Government Agency/Office from which Information was Received | I4: Prime Contractor/Customer from which Information was Received | J4: Organizational/ Business Unit Creating Information | AC4: Accountable Individual/Role at Destination

Sheet Encryption Modules Inventory
A2: Tool or Service Name | B2: Encryption Module Name | C2: Current Encryption Module Version | D2: FIPS Validated Encryption Module Version | E2: FIPS Validation Certificate Number | F2: Certificate Sunset Date

Sheet Media Library or Catalog
A1: Relevant Requirement(s)/Objective(s): | B1: 3.8.1, 3.8.2, 3.8.3, 3.8.4, 3.8.5, 3.8.6, 3.8.7, 3.8.8, 3.8.9 | C1: Last Reviewed By: | E1: Last Reviewed On:
A2: Unique Media ID | B2: Media Creator | C2: Employee Accountable for Media | D2: Date Created | E2: Media Type (e.g., paper, magnetic tape, CD-ROM, DVD, USB Drive) | F2: Media Contents | G2: Relevant Contract(s) | H2: Media Marking(s) | I2: Is the Media Backup Media? | J2: Media Storage Location | K2: Does the Media Support Hardware Encryption? If so, is it Enabled? | L2: User(s)/Role(s) Authorized to View/Access Media | M2: Media Sanitized/ Destroyed By | N2: Media Santitization/Destruction Date | O2: Media Sanitization/Destruction Method | P2: Media Sanitization/Destruction Evidence
A3: AAA0
A4: AAA1
A5: AAA2
A6: AAA3
A7: AAA4
A8: AAA5
A9: AAA6
A10: AAA7
A11: AAA8
A12: AAA9
A13: AAB0
A14: AAB1
... A43: [Continue list as necessary - do NOT reuse Media IDs]

Sheet Media Access Log
A1: Relevant Requirement(s)/ Objective(s): | B1: 3.8.1, 3.8.2, 3.8.3, 3.8.4, 3.8.5, 3.8.6, 3.8.7, 3.8.8, 3.8.9 | C1: Last Reviewed By: | E1: Last Reviewed On:
A2: Media ID (from Media Library) | B2: Checked Out By | C2: Check Out Date | D2: Check-out Purpose | E2: Expected Return Date | F2: Is the Contents of the Media Encrypted? (if no, list alternate security control(s) to protect media during transport) | G2: Will media leave storage area? (If so, to where?) | H2: Copy Media Markings | I2: Date Returned | J2: Return Witnessed By

Sheet SRM Template
A1: Tool/Service and Provider: | D1: Last Reviewed By: | F1: Last Review Date:
A2: NIST SP 800-171 Requirement ID | B2: CMMC ID | C2: Requirement | D2: Responsibility Inheritance from Provider | E2: Provider Responsibilities | F2: OSC Responsibilities | G2: MSP/MSSP Responsibilities
A3: 3.1.2* | B3: AC.L1-3.1.2 | C3: Limit system access to the types of transactions and functions that authorized users are permitted to execute.
A4: 3.1.3 | B4: AC.L2-3.1.3 | C4: Control the flow of CUI in accordance with approved authorizations.
A5: 3.1.4 | B5: AC.L2-3.1.4 | C5: Separate the duties of individuals to reduce the risk of malevolent activity without collusion.
A6: 3.1.5 | B6: AC.L2-3.1.5 | C6: Employ the principle of least privilege, including for specific security functions and privileged accounts.
A7: 3.1.6 | B7: AC.L2-3.1.6 | C7: Use non-privileged accounts or roles when accessing non-security functions.
A8: 3.1.7 | B8: AC.L2-3.1.7 | C8: Prevent non-privileged users from executing privileged functions and capture the execution of such functions in audit logs.
A9: 3.1.8 | B9: AC.L2-3.1.8 | C9: Limit unsuccessful logon attempts.
A10: 3.1.9 | B10: AC.L2-3.1.9 | C10: Provide privacy and security notices consistent with applicable CUI rules.
A11: 3.1.10 | B11: AC.L2-3.1.10 | C11: Use session lock with pattern-hiding displays to prevent access and viewing of data after a period of inactivity.
A12: 3.1.11 | B12: AC.L2-3.1.11 | C12: Terminate (automatically) a user session after a defined condition.
A13: 3.1.12 | B13: AC.L2-3.1.12 | C13: Monitor and control remote access sessions.
A14: 3.1.13 | B14: AC.L2-3.1.13 | C14: Employ cryptographic mechanisms to protect the confidentiality of remote access sessions.
... A97: 3.13.9 | B97: SC.L2-3.13.9 | C97: Terminate network connections associated with communications sessions at the end of the sessions or after
C98: a defined period of inactivity.
A99: 3.13.10 | B99: SC.L2-3.13.10 | C99: Establish and manage cryptographic keys for cryptography employed in organizational systems.
A100: 3.13.11 | B100: SC.L2-3.13.11 | C100: Employ FIPS-validated cryptography when used to protect the confidentiality of CUI.
A101: 3.13.12 | B101: SC.L2-3.13.12 | C101: Prohibit remote activation of collaborative computing devices and provide indication of devices in use to users present at the device.
A102: 3.13.13 | B102: SC.L2-3.13.13 | C102: Control and monitor the use of mobile code.
A103: 3.13.14 | B103: SC.L2-3.13.14 | C103: Control and monitor the use of Voice over Internet Protocol (VoIP) technologies.
A104: 3.13.15 | B104: SC.L2-3.13.15 | C104: Protect the authenticity of communications sessions.
A105: 3.13.16 | B105: SC.L2-3.13.16 | C105: Protect the confidentiality of CUI at rest.
A106: 3.14.1* | B106: SI.L1-3.14.1 | C106: Identify, report, and correct system flaws in a timely manner.
A107: 3.14.2* | B107: SI.L1-3.14.2 | C107: Provide protection from malicious code at designated locations within organizational systems.
A108: 3.14.3 | B108: SI.L2-3.14.3 | C108: Monitor system security alerts and advisories and take action in response.
A109: 3.14.4* | B109: SI.L1-3.14.4 | C109: Update malicious code protection mechanisms when new releases are available.
A110: 3.14.5* | B110: SI.L1-3.14.5 | C110: Perform periodic scans of organizational systems and real-time scans of files from external sources as files are downloaded, opened, or executed.
... A112: 3.14.7 | B112: SI.L2-3.14.7 | C112: Identify unauthorized use of organizational systems

Sheet Potential Assessment Consid.
A1: Phase | B1: FAR and Above Sort Order | C1: NIST SP 800-171 Family | D1: NIST SP 800-171 Identifier | E1: NIST SP 800-171 Sort-As | F1: Potential Assessment Method and Objects: Examine | G1: Potential Assessment Method and Objects: Interview | H1: Potential Assessment Method and Objects: Test
A2: 1 | B2: 1.01.0 | C2: System and Communications Protection | D2: 3.13.1 | E2: 03.13.01.0 | F2: [SELECT FROM: System and communications protection policy; procedures addressing boundary protection; security plan; list of key internal boundaries of the system; system design documentation; boundary protection hardware and software; enterprise security architecture documentation; system audit logs and records; system configuration settings and associated documentation; other relevant documents or records]. | G2: [SELECT FROM: System or network administrators; personnel with information security responsibilities; system developer; personnel with boundary protection responsibilities]. | H2: [SELECT FROM: Mechanisms implementing boundary protection capability].
A3: 1 | B3: 1.02.0 | C3: System and Communications Protection | D3: 3.13.5 | E3: 03.13.05.0 | F3: [SELECT FROM: System and communications protection policy; procedures addressing boundary protection; security plan; list of key internal boundaries of the system; system design documentation; boundary protection hardware and software; system configuration settings and associated documentation; enterprise security architecture documentation; system audit logs and records; other relevant documents or records]. | G3: [SELECT FROM: System or network administrators; personnel with information security responsibilities; system developer; personnel with boundary protection responsibilities]. | H3: [SELECT FROM: Mechanisms implementing boundary protection capability].
A4: 1 | B4: 1.03.0 | C4: Personnel Security | D4: 3.10.1 | E4: 03.10.01.0 | F4: [SELECT FROM: Physical and environmental protection policy; procedures addressing physical access authorizations; security plan; authorized personnel access list; authorization credentials; physical access list reviews; physical access termination records and associated documentation; other relevant documents or records]. | G4: [SELECT FROM: Personnel with physical access authorization responsibilities; personnel with physical access to system facility; personnel with information security responsibilities]. | H4: [SELECT FROM: Organizational processes for physical access authorizations; mechanisms supporting or implementing physical access authorizations].
A5: 1 | B5: 1.04.0 | C5: Physical Protection | D5: 3.10.3 | E5: 03.10.03.0 | F5: [SELECT FROM: Physical and environmental protection policy; procedures addressing physical access control; security plan; physical access control logs or records; inventory records of physical access control devices; system entry and exit points; records of key and lock combination changes; storage locations for physical access control devices; physical access control devices; list of security safeguards controlling access to designated publicly accessible areas within facility; other relevant documents or records]. | G5: [SELECT FROM: Personnel with physical access control responsibilities; personnel with information security responsibilities]. | H5: [SELECT FROM: Organizational processes for physical access control; mechanisms supporting or implementing physical access control; physical access control devices].
A6: 1 | B6: 1.05.0 | C6: Physical Protection | D6: 3.10.4 | E6: 03.10.04.0 | F6: [SELECT FROM: Physical and environmental protection policy; procedures addressing physical access control; security plan; physical access control logs or records; inventory records of physical access control devices; system entry and exit points; records of key and lock combination changes; storage locations for physical access control devices; physical access control devices; list of security safeguards controlling access to designated publicly accessible areas within facility; other relevant documents or records]. | G6: [SELECT FROM: Personnel with physical access control responsibilities; personnel with information security responsibilities | H6: [SELECT FROM: Organizational processes for physical access control; mechanisms supporting or implementing physical access control; physical access control devices].
A7: 1 | B7: 1.06.0 | C7: Physical Protection | D7: 3.10.5 | E7: 03.10.05.0 | F7: [SELECT FROM: Physical and environmental protection policy; procedures addressing physical access control; security plan; physical access control logs or records; inventory records of physical access control devices; system entry and exit points; records of key and lock combination changes; storage locations for physical access control devices; physical access control devices; list of security safeguards controlling access to designated publicly accessible areas within facility; other relevant documents or records]. | G7: [SELECT FROM: Personnel with physical access control responsibilities; personnel with information security responsibilities]. | H7: [SELECT FROM: Organizational processes for physical access control; mechanisms supporting or implementing physical access control; physical access control devices].
A8: 1 | B8: 1.07.0 | C8: Media Protection | D8: 3.8.3 | E8: 03.08.03.0 | F8: [SELECT FROM: System media protection policy; procedures addressing media sanitization and disposal; applicable standards and policies addressing media sanitization; security plan; media sanitization records; system audit logs and records; system design documentation; system configuration settings and associated documentation; other relevant documents or records]. | G8: [SELECT FROM: Personnel with media sanitization responsibilities; personnel with information security responsibilities; system or network administrators]. | H8: [SELECT FROM: Organizational processes for media sanitization; mechanisms supporting or implementing media sanitization].
A9: 1 | B9: 1.08.0 | C9: System and Information Integrity | D9: 3.14.1 | E9: 03.14.01.0 | F9: [SELECT FROM: System and information integrity policy; procedures addressing flaw remediation; procedures addressing configuration management; security plan; list of flaws and vulnerabilities potentially affecting the system; list of recent security flaw remediation actions performed on the system (e.g., list of installed patches, service packs, hot fixes, and other software updates to correct system flaws); test results from the installation of software and firmware updates to correct system flaws; installation/change control records for security-relevant software and firmware updates; other relevant documents or records]. | G9: [SELECT FROM: System or network administrators; personnel with information security responsibilities; personnel installing, configuring, and maintaining the system; personnel with responsibility for flaw remediation; personnel with configuration management responsibility]. | H9: [SELECT FROM: Organizational processes for identifying, reporting, and correcting system flaws; organizational process for installing software and firmware updates; mechanisms supporting or implementing reporting, and correcting system flaws; mechanisms supporting or implementing testing software and firmware updates].
A10: 1 | B10: 1.09.0 | C10: System and Information Integrity | D10: 3.14.2 | E10: 03.14.02.0 | F10: [SELECT FROM: System and information integrity policy; configuration management policy and procedures; procedures addressing malicious code protection; records of malicious code protection updates; malicious code protection mechanisms; security plan; system design documentation; system configuration settings and associated documentation; record of actions initiated by malicious code protection mechanisms in response to malicious code detection; scan results from malicious code protection mechanisms; system audit logs and records; other relevant documents or records]. | G10: [SELECT FROM: System or network administrators; personnel with information security responsibilities; personnel installing, configuring, and maintaining the system; personnel with responsibility for malicious code protection; personnel with configuration management responsibility]. | H10: [SELECT FROM: Organizational processes for employing, updating, and configuring malicious code protection mechanisms; organizational process for addressing false positives and resulting potential impact; mechanisms supporting or implementing employing, updating, and configuring malicious code protection mechanisms; mechanisms supporting or implementing malicious code scanning and subsequent actions].
A11: 1 | B11: 1.10.0 | C11: System and Information Integrity | D11: 3.14.4 | E11: 03.14.04.0 | F11: [SELECT FROM: System and information integrity policy; configuration management policy and procedures; procedures addressing malicious code protection; malicious code protection mechanisms; records of malicious code protection updates; security plan; system design documentation; system configuration settings and associated documentation; scan results from malicious code protection mechanisms; record of actions initiated by malicious code protection mechanisms in response to malicious code detection; system audit logs and records; other relevant documents or records]. | G11: [SELECT FROM: System or network administrators; personnel with information security responsibilities; personnel installing, configuring, and maintaining the system; personnel with responsibility for malicious code protection; personnel with configuration management responsibility]. | H11: [SELECT FROM: Organizational processes for employing, updating, and configuring malicious code protection mechanisms; organizational process for addressing false positives and resulting potential impact; mechanisms supporting or implementing malicious code protection mechanisms (including updates and configurations); mechanisms supporting or implementing malicious code scanning and subsequent actions].
A12: 1 | B12: 1.11.0 | C12: System and Information Integrity | D12: 3.14.5 | E12: 03.14.05.0 | F12: [SELECT FROM: System and information integrity policy; configuration management policy and procedures; procedures addressing malicious code protection; malicious code protection mechanisms; records of malicious code protection updates; security plan; system design documentation; system configuration settings and associated documentation; scan results from malicious code protection mechanisms; record of actions initiated by malicious code protection mechanisms in response to malicious code detection; system audit logs and records; other relevant documents or records]. | G12: [SELECT FROM: System or network administrators; personnel with information security responsibilities; personnel installing, configuring, and maintaining the system; personnel with responsibility for malicious code protection; personnel with configuration management responsibility]. | H12: [SELECT FROM: Organizational processes for employing, updating, and configuring malicious code protection mechanisms; organizational process for addressing false positives and resulting potential impact; mechanisms supporting or implementing malicious code protection mechanisms (including updates and configurations); mechanisms supporting or implementing malicious code scanning and subsequent actions].
... A52: 3 | B52: 3.11.0 | C52: Incident Response | D52: 3.6.2 | E52: 03.06.02.0 | F52: [SELECT FROM: Incident response policy; procedures addressing incident monitoring; incident response records and documentation; procedures addressing incident reporting; incident reporting records and documentation; incident response plan; security plan; other relevant documents or records]. | G52: [SELECT FROM: Personnel with incident monitoring responsibilities; personnel with incident reporting responsibilities; personnel who have or should have reported incidents; personnel (authorities) to whom incident information is to be reported; personnel with information security responsibilities]. | H52: [SELECT FROM: Incident monitoring capability for the organization; mechanisms supporting or implementing tracking and documenting of system security incidents; organizational processes for incident reporting; mechanisms supporting or implementing incident reporting].
A53: 3 | B53: 3.12.0 | C53: Incident Response | D53: 3.6.3 | E53: 03.06.03.0 | F53: [SELECT FROM: Incident response policy; contingency planning policy; procedures addressing incident response testing; procedures addressing contingency plan testing; incident response testing material; incident response test results; incident response test plan; incident response plan; contingency plan; security plan; other relevant documents or records]. | G53: [SELECT FROM: Personnel with incident response testing responsibilities; personnel with information security responsibilities].
A54: 3 | B54: 3.13.0 | C54: Awareness and Training | D54: 3.3.7 | E54: 03.03.07.0 | F54: [SELECT FROM: Audit and accountability policy; procedures addressing time stamp generation; system design documentation; security plan; system configuration settings and associated documentation; system audit logs and records; other relevant documents or records]. | G54: [SELECT FROM: Personnel with information security responsibilities; system or network administrators; system developers]. | H54: [SELECT FROM: Mechanisms implementing time stamp generation].
A55: 3 | B55: 3.14.0 | C55: Access Control | D55: 3.1.18 | E55: 03.01.18.0 | F55: [SELECT FROM: Access control policy; authorizations for mobile device connections to organizational systems; procedures addressing access control for mobile device usage (including restrictions); system design documentation; configuration management plan; security plan; system audit logs and records; system configuration settings and associated documentation; other relevant documents or records]. | G55: [SELECT FROM: Personnel using mobile devices to access organizational systems; system or network administrators; personnel with information security responsibilities]. | H55: [SELECT FROM: Access control capability authorizing mobile device connections to organizational systems].
A56: 3 | B56: 3.15.0 | C56: Access Control | D56: 3.1.10 | E56: 03.01.10.0 | F56: [SELECT FROM: Access control policy; procedures addressing session lock; procedures addressing identification and authentication; system design documentation; system configuration settings and associated documentation; security plan; other relevant documents or records]. | G56: [SELECT FROM: System or network administrators; personnel with information security responsibilities; system developers]. | H56: [SELECT FROM: Mechanisms implementing access control policy for session lock].
A57: 3 | B57: 3.16.0 | C57: Access Control | D57: 3.1.4 | E57: 03.01.04.0 | F57: [SELECT FROM: Access control policy; procedures addressing divisions of responsibility and separation of duties; security plan; system configuration settings and associated documentation; list of divisions of responsibility and separation of duties; system access authorizations; system audit logs and records; other relevant documents or records]. | G57: [SELECT FROM: Personnel with responsibilities for defining divisions of responsibility and separation of duties; personnel with information security responsibilities; system or network administrators]. | H57: [SELECT FROM: Mechanisms implementing separation of duties policy].
A58: 3 | B58: 3.17.0 | C58: Access Control | D58: 3.1.5 | E58: 03.01.05.0 | F58: [SELECT FROM: Access control policy; procedures addressing account management; security plan; system design documentation; system configuration settings and associated documentation; list of active system accounts and the name of the individual associated with each account; list of conditions for group and role membership; notifications or records of recently transferred, separated, or terminated employees; list of recently disabled system accounts along with the name of the individual associated with each account; access authorization records; account management compliance reviews; system monitoring/audit records; other relevant documents or records; procedures addressing least privilege; list of security functions (deployed in hardware, software, and firmware) and security-relevant information for which access must be explicitly authorized; list of system-generated privileged accounts; list of system administration personnel]. | G58: [SELECT FROM: Personnel with account management responsibilities; system or network administrators; personnel with information security responsibilities; personnel with responsibilities for defining least privileges necessary to accomplish specified tasks]. | H58: [SELECT FROM: Organizational processes for managing system accounts; mechanisms for implementing account management; mechanisms implementing least privilege functions; mechanisms prohibiting privileged access to the system].
A59: 3 | B59: 3.18.0 | C59: Awareness and Training | D59: 3.3.2 | E59: 03.03.02.0 | F59: [SELECT FROM: Audit and accountability policy; procedures addressing audit records and event types; security plan; system design documentation; system configuration settings and associated documentation; system audit logs and records; system events; system incident reports; other relevant documents or records]. | G59: [SELECT FROM: Personnel with audit and accountability responsibilities; personnel with information security responsibilities; system or network administrators]. | H59: [SELECT FROM: Mechanisms implementing system audit logging].
A60: 4 | B60: 4.01.0 | C60: Awareness and Training | D60: 3.3.1 | E60: 03.03.01.0 | F60: [SELECT FROM: Audit and accountability policy; procedures addressing auditable events; security plan; system design documentation; system configuration settings and associated documentation; system audit logs and records; system auditable events; system incident reports; other relevant documents or records]. | G60: [SELECT FROM: Personnel with audit and accountability responsibilities; personnel with information security responsibilities; system or network administrators]. | H60: [SELECT FROM: Mechanisms implementing system audit logging].
A61: 4 | B61: 4.02.0 | C61: Awareness and Training | D61: 3.3.3 | E61: 03.03.03.0 | F61: [SELECT FROM: Audit and accountability policy; procedures addressing audit records and event types; security plan; list of organization-defined event types to be logged; reviewed and updated records of logged event types; system audit logs and records; system incident reports; other relevant documents or records]. | G61: [SELECT FROM: Personnel with audit and accountability responsibilities; personnel with information security responsibilities]. | H61: [SELECT FROM: Mechanisms supporting review and update of logged event types].
A62: 4 | B62: 4.03.0 | C62: Awareness and Training | D62: 3.3.4 | E62: 03.03.04.0 | F62: [SELECT FROM: Audit and accountability policy; procedures addressing response to audit logging processing failures; system design documentation; security plan; system configuration settings and associated documentation; list of personnel to be notified in case of an audit logging processing failure; system incident reports; system audit logs and records; other relevant documents or records]. | G62: [SELECT FROM: Personnel with audit and accountability responsibilities; personnel with information security responsibilities; system or network administrators; system developers]. | H62: [SELECT FROM: Mechanisms implementing system response to audit logging processing failures].
A63: 4 | B63: 4.04.0 | C63: Awareness and Training | D63: 3.3.5 | E63: 03.03.05.0 | F63: [SELECT FROM: Audit and accountability policy; procedures addressing audit record review, analysis, and reporting; security plan; system design documentation; system configuration settings and associated documentation; system audit logs and records across different repositories; other relevant documents or records]. | G63: [SELECT FROM: Personnel with audit record review, analysis, and reporting responsibilities; personnel with information security responsibilities]. | H63: : [SELECT FROM: Mechanisms supporting analysis and correlation of audit records].
A64: 4 | B64: 4.05.0 | C64: System and Information Integrity | D64: 3.14.7 | E64: 03.14.07.0 | F64: [SELECT FROM: Continuous monitoring strategy; system and information integrity policy; procedures addressing system monitoring tools and techniques; facility diagram/layout; security plan; system design documentation; system monitoring tools and techniques documentation; locations within system where monitoring devices are deployed; system configuration settings and associated documentation; other relevant documents or records]. | G64: [SELECT FROM: System or network administrators; personnel with information security responsibilities; personnel installing, configuring, and maintaining the system; personnel with responsibility for monitoring the system]. | H64: [SELECT FROM: Organizational processes for system monitoring; mechanisms supporting or implementing system monitoring capability].
A65: 4 | B65: 4.06.0 | C65: Awareness and Training | D65: 3.3.6 | E65: 03.03.06.0 | F65: [SELECT FROM: Audit and accountability policy; procedures addressing audit record reduction and report generation; system design documentation; security plan; system configuration settings and associated documentation; audit record reduction, review, analysis, and reporting tools; system audit logs and records; other relevant documents or records]. | G65: [SELECT FROM: Personnel with audit record reduction and report generation responsibilities; personnel with information security responsibilities]. | H65: [SELECT FROM: Audit record reduction and report generation capability].
... A111: 5 | B111: 5.29.0 | C111: Physical Protection | D111: 3.10.6 | E111: 03.10.06.0 | F111: [SELECT FROM: Physical and environmental protection policy; procedures addressing alternate work sites for personnel; security plan; list of safeguards required for alternate work sites; assessments of safeguards at alternate work sites; other relevant documents or records]. | G111: [SELECT FROM: Personnel approving use of alternate work sites; personnel using alternate work sites; personnel assessing controls at alternate work sites; personnel with information security responsibilities]. | H111: [SELECT FROM: Organizational processes for security at alternate work sites; mechanisms supporting alternate work sites; safeguards employed at alternate work sites; means of communications between personnel at alternate work sites and security personnel].

Sheet CUI Types
A1: Organizational Index Grouping | B1: CUI Categories
A2: Critical Infrastructure | B2: Ammonium Nitrate
B3: Chemical-terrorism Vulnerability Information
B4: Critical Energy Infrastructure Information
B5: Emergency Management
B6: General Critical Infrastructure Information
B7: Information Systems Vulnerability Information
B8: Physical Security
B9: Protected Critical Infrastructure Information
B10: SAFETY Act Information
B11: Toxic Substances
B12: Water Assessments
A13: Defense | B13: Controlled Technical Information
B14: DoD Critical Infrastructure Security Information
B15: Naval Nuclear Propulsion Information
B16: Unclassified Controlled Nuclear Information - Defense
A17: Export Control | B17: Export Controlled
B18: Export Controlled Research
A19: Financial | B19: Bank Secrecy
B20: Budget
B21: Comptroller General
B22: Consumer Complaint Information
B23: Electronic Funds Transfer
B24: Federal Housing Finance Non-Public Information
B25: Financial Supervision Information
B26: General Financial Information
B27: International Financial Institutions
B28: Mergers
B29: Net Worth
B30: Retirement
A31: Immigration | B31: Asylee
B32: Battered Spouse or Child
B33: Permanent Resident Status
B34: Status Adjustment
B35: Temporary Protected Status
B36: Victims of Human Trafficking
B37: Visas
A38: Intelligence | B38: Agriculture
B39: Foreign Intelligence Surveillance Act
B40: Foreign Intelligence Surveillance Act Business Records
B41: General Intelligence
B42: Geodetic Product Information
B43: Intelligence Financial Records
B44: Internal Data
B45: Operations Security
A46: International Agreements | B46: International Agreement Information
A47: Law Enforcement | B47: Accident Investigation
B48: Campaign Funds
B49: Committed Person
B50: Communications
B51: Controlled Substances
B52: Criminal History Records Information
B53: DNA
B54: General Law Enforcement
B55: Informant
B56: Investigation
B57: Juvenile
B58: Law Enforcement Financial Records
B59: National Security Letter
... B64: Whistleblower Identity
A65: Legal | B65: Administrative Proceedings
B66: Child Pornography
B67: Child Victim/Witness
B68: Collective Bargaining
B69: Federal Grand Jury
B70: Legal Privilege
B71: Legislative Materials
B72: Presentence Report
B73: Prior Arrest
B74: Protective Order
B75: Victim
B76: Witness Protection
A77: Natural and Cultural Resources | B77: Archaeological Resources
B78: Historic Properties
B79: National Park System Resources
A80: North Atlantic Treaty Organization (NATO) | B80: NATO Restricted
B81: NATO Unclassified
A82: Nuclear | B82: General Nuclear
B83: Nuclear Recommendation Material
B84: Nuclear Security-Related Information
B85: Safeguards Information
B86: Unclassified Controlled Nuclear Information - Energy
A87: Patent | B87: Patent Applications
B88: Inventions
B89: Secrecy Orders
A90: Privacy | B90: Contract Use
B91: Death Records
B92: General Privacy
B93: Genetic Information
B94: Health Information
B95: Inspector General Protected
B96: Military Personnel Records
B97: Personnel Records
B98: Student Records
A99: Procurement and Acquisition | B99: General Procurement and Acquisition
B100: Small Business Research and Technology
B101: Source Selection
A102: Proprietary Business Information | B102: Entity Registration Information
B103: General Proprietary Business Information
B104: Ocean Common Carrier and Marine Terminal Operator Agreements
...

Sheet Old DoD 800-171 Score Template
A1: Information for SPRS Submission | H1: Self-Assessment Against NIST SP 800-171 using NIST SP 800-171A criteria and DoD template and scoring | Q1: Plan of Action and Milestones
A2: Date of Assessment | B2: CAGE Code | C2: System Description | D2: SPRS Score | E2: Date when 110 Score Expected | H2: Security Requirement | J2: DoD Score Value | K2: DoD Comment to Assessor | L2: Assessor Notes | M2: Implementation Status | N2: Target Implementation Completion Date | O2: Score Impact | Q2: Responsible Office/Organization | R2: Resource Estimate (Funded, Unfunded, Reallocated) | S2: Milestones with Interim Completion Dates | T2: Changes to Milestones
D3: =IF(O89=-1000, "No SSP, therefore an assessment could not be completed due to incomplete information and noncompliance with DFARS clause 252.204-7012. See 3.12.4.", 110+(SUM(O3:O112))) -> No SSP, therefore an assessment could not be completed due to incomplete information and noncompliance with DFARS clause 252.204-7012. See 3.12.4. | E3: {=IF(D3>=110, "N/A", IF(MAX(IF(N3:N112>TODAY(),N3:N112))=0, "Please Add Target Dates", MAX(IF(N3:N112>TODAY(),N3:N112))))} -> N/A | G3: Access Control | H3: 3.1.1* | I3: Limit system access to authorized users, processes acting on behalf of authorized users, and devices (including other systems). | J3: 5 | M3: Not Yet Assessed | O3: =IF(M3<>"Fully Implemented", -1*J3, 0) -> -5
A4: Prepared for (Organization Name) | B4: Prepared by (Assessor Name) | H4: 3.1.2* | I4: Limit system access to the types of transactions and functions that authorized users are permitted to execute. | J4: 5 | M4: Not Yet Assessed | O4: =IF(M4<>"Fully Implemented", -1*J4, 0) -> -5
H5: 3.1.3 | I5: Control the flow of CUI in accordance with approved authorizations. | J5: 1 | M5: Not Yet Assessed | O5: =IF(M5<>"Fully Implemented", -1*J5, 0) -> -1
H6: 3.1.4 | I6: Separate the duties of individuals to reduce the risk of malevolent activity without collusion. | J6: 1 | M6: Not Yet Assessed | O6: =IF(M6<>"Fully Implemented", -1*J6, 0) -> -1
H7: 3.1.5 | I7: Employ the principle of least privilege, including for specific security functions and privileged accounts. | J7: 3 | M7: Not Yet Assessed | O7: =IF(M7<>"Fully Implemented", -1*J7, 0) -> -3
H8: 3.1.6 | I8: Use non-privileged accounts or roles when accessing non-security functions. | J8: 1 | M8: Not Yet Assessed | O8: =IF(M8<>"Fully Implemented", -1*J8, 0) -> -1
H9: 3.1.7 | I9: Prevent non-privileged users from executing privileged functions and capture the execution of such functions in audit logs. | J9: 1 | M9: Not Yet Assessed | O9: =IF(M9<>"Fully Implemented", -1*J9, 0) -> -1
H10: 3.1.8 | I10: Limit unsuccessful logon attempts. | J10: 1 | M10: Not Yet Assessed | O10: =IF(M10<>"Fully Implemented", -1*J10, 0) -> -1
H11: 3.1.9 | I11: Provide privacy and security notices consistent with applicable CUI rules. | J11: 1 | M11: Not Yet Assessed | O11: =IF(M11<>"Fully Implemented", -1*J11, 0) -> -1
H12: 40238 | I12: Use session lock with pattern-hiding displays to prevent access and viewing of data after a period of inactivity. | J12: 1 | M12: Not Yet Assessed | O12: =IF(M12<>"Fully Implemented", -1*J12, 0) -> -1
H13: 40603 | I13: Terminate (automatically) a user session after a defined condition. | J13: 1 | M13: Not Yet Assessed | O13: =IF(M13<>"Fully Implemented", -1*J13, 0) -> -1
H14: 40969 | I14: Monitor and control remote access sessions. | J14: 5 | K14: Do not subtract points if remote access not permitted | M14: Not Yet Assessed | O14: =IF(OR(M14="Fully Implemented", M14="Not Permitted"),0, -1*J14) -> -5
H15: 41334 | I15: Employ cryptographic mechanisms to protect the confidentiality of remote access sessions. | J15: 5 | K15: Do not subtract points if remote access not permitted | M15: Not Yet Assessed | O15: =IF(OR(M15="Fully Implemented", M15="Not Permitted"),0, -1*J15) -> -5
H16: 41699 | I16: Route remote access via managed access control points. | J16: 1 | M16: Not Yet Assessed | O16: =IF(M16<>"Fully Implemented", -1*J16, 0) -> -1
H17: 42064 | I17: Authorize remote execution of privileged commands and remote access to security- relevant information. | J17: 1 | M17: Not Yet Assessed | O17: =IF(M17<>"Fully Implemented", -1*J17, 0) -> -1
H18: 42430 | I18: Authorize wireless access prior to allowing such connections. | J18: 5 | K18: Do not subtract points if wireless access not permitted | M18: Not Yet Assessed | O18: =IF(OR(M18="Fully Implemented", M18="Not Permitted"),0, -1*J18) -> -5
H19: 42795 | I19: Protect wireless access using authentication and encryption. | J19: 5 | K19: Do not subtract points if wireless access not permitted | M19: Not Yet Assessed | O19: =IF(OR(M19="Fully Implemented", M19="Not Permitted"),0, -1*J19) -> -5
H20: 43160 | I20: Control connection of mobile devices. | J20: 5 | K20: Do not subtract points if connection of mobile devices is not permitted. | M20: Not Yet Assessed | O20: =IF(OR(M20="Fully Implemented", M20="Not Permitted"),0, -1*J20) -> -5
H21: 43525 | I21: Encrypt CUI on mobile devices and mobile computing platforms | J21: 3 | K21: Exposure limited to CUI on mobile platform | M21: Not Yet Assessed | O21: =IF(M21<>"Fully Implemented", -1*J21, 0) -> -3
H22: 3.1.20* | I22: Verify and control/limit connections to and use of external systems. | J22: 1 | M22: Not Yet Assessed | O22: =IF(M22<>"Fully Implemented", -1*J22, 0) -> -1
H23: 44256 | I23: Limit use of portable storage devices on external systems. | J23: 1 | M23: Not Yet Assessed | O23: =IF(M23<>"Fully Implemented", -1*J23, 0) -> -1
H24: 3.1.22* | I24: Control CUI posted or processed on publicly accessible systems. | J24: 1 | M24: Not Yet Assessed | O24: =IF(M24<>"Fully Implemented", -1*J24, 0) -> -1
G25: Awareness and Training | H25: 3.2.1 | I25: Ensure that managers, systems administrators, and users of organizational systems are made aware of the security risks associated with their activities and of the applicable policies, standards, and procedures related to the security of those systems. | J25: 5 | M25: Not Yet Assessed | O25: =IF(M25<>"Fully Implemented", -1*J25, 0) -> -5
H26: 3.2.2 | I26: Ensure that personnel are trained to carry out their assigned information security- related duties and responsibilities. | J26: 5 | M26: Not Yet Assessed | O26: =IF(M26<>"Fully Implemented", -1*J26, 0) -> -5
H27: 3.2.3 | I27: Provide security awareness training on recognizing and reporting potential indicators of insider threat. | J27: 1 | M27: Not Yet Assessed | O27: =IF(M27<>"Fully Implemented", -1*J27, 0) -> -1
G28: Audit and Accountability | H28: 3.3.1 | I28: Create and retain system audit logs and records to the extent needed to enable the monitoring, analysis, investigation, and reporting of unlawful or unauthorized system activity. | J28: 5 | M28: Not Yet Assessed | O28: =IF(M28<>"Fully Implemented", -1*J28, 0) -> -5
H29: 3.3.2 | I29: Ensure that the actions of individual system users can be uniquely traced to those users so they can be held accountable for their actions. | J29: 3 | M29: Not Yet Assessed | O29: =IF(M29<>"Fully Implemented", -1*J29, 0) -> -3
H30: 3.3.3 | I30: Review and update logged events. | J30: 1 | M30: Not Yet Assessed | O30: =IF(M30<>"Fully Implemented", -1*J30, 0) -> -1
H31: 3.3.4 | I31: Alert in the event of an audit logging process failure. | J31: 1 | M31: Not Yet Assessed | O31: =IF(M31<>"Fully Implemented", -1*J31, 0) -> -1
H32: 3.3.5 | I32: Correlate audit record review, analysis, and reporting processes for investigation and response to indications of unlawful, unauthorized, suspicious, or unusual activity. | J32: 5 | M32: Not Yet Assessed | O32: =IF(M32<>"Fully Implemented", -1*J32, 0) -> -5
H33: 3.3.6 | I33: Provide audit record reduction and report generation to support on-demand analysis and reporting. | J33: 1 | M33: Not Yet Assessed | O33: =IF(M33<>"Fully Implemented", -1*J33, 0) -> -1
H34: 3.3.7 | I34: Provide a system capability that compares and synchronizes internal system clocks with an authoritative source to generate time stamps for audit records. | J34: 1 | M34: Not Yet Assessed | O34: =IF(M34<>"Fully Implemented", -1*J34, 0) -> -1
H35: 3.3.8 | I35: Protect audit information and audit logging tools from unauthorized access, modification, and deletion. | J35: 1 | M35: Not Yet Assessed | O35: =IF(M35<>"Fully Implemented", -1*J35, 0) -> -1
H36: 3.3.9 | I36: Limit management of audit logging functionality to a subset of privileged users. | J36: 1 | M36: Not Yet Assessed | O36: =IF(M36<>"Fully Implemented", -1*J36, 0) -> -1
G37: Configuration Management | H37: 3.4.1 | I37: Establish and maintain baseline configurations and inventories of organizational systems (including hardware, software, firmware, and documentation) throughout the respective system development life cycles. | J37: 5 | M37: Not Yet Assessed | O37: =IF(M37<>"Fully Implemented", -1*J37, 0) -> -5
H38: 3.4.2 | I38: Establish and enforce security configuration settings for information technology products employed in organizational systems. | J38: 5 | M38: Not Yet Assessed | O38: =IF(M38<>"Fully Implemented", -1*J38, 0) -> -5
H39: 3.4.3 | I39: Track, review, approve or disapprove, and log changes to organizational systems. | J39: 1 | M39: Not Yet Assessed | O39: =IF(M39<>"Fully Implemented", -1*J39, 0) -> -1
H40: 3.4.4 | I40: Analyze the security impact of changes prior to implementation. | J40: 1 | M40: Not Yet Assessed | O40: =IF(M40<>"Fully Implemented", -1*J40, 0) -> -1
H41: 3.4.5 | I41: Define, document, approve, and enforce physical and logical access restrictions associated with changes to organizational systems. | J41: 5 | M41: Not Yet Assessed | O41: =IF(M41<>"Fully Implemented", -1*J41, 0) -> -5
H42: 3.4.6 | I42: Employ the principle of least functionality by configuring organizational systems to provide only essential capabilities. | J42: 5 | M42: Not Yet Assessed | O42: =IF(M42<>"Fully Implemented", -1*J42, 0) -> -5
H43: 3.4.7 | I43: Restrict, disable, or prevent the use of nonessential programs, functions, ports, protocols, and services. | J43: 5 | M43: Not Yet Assessed | O43: =IF(M43<>"Fully Implemented", -1*J43, 0) -> -5
H44: 3.4.8 | I44: Apply deny-by-exception (blacklisting) policy to prevent the use of unauthorized software or deny-all, permit-by-exception (whitelisting) policy to allow the execution of authorized software. | J44: 5 | M44: Not Yet Assessed | O44: =IF(M44<>"Fully Implemented", -1*J44, 0) -> -5
H45: 3.4.9 | I45: Control and monitor user-installed software. | J45: 1 | M45: Not Yet Assessed | O45: =IF(M45<>"Fully Implemented", -1*J45, 0) -> -1
G46: Identificiation and Authorization | H46: 3.5.1* | I46: Identify system users, processes acting on behalf of users, and devices. | J46: 5 | M46: Not Yet Assessed | O46: =IF(M46<>"Fully Implemented", -1*J46, 0) -> -5
H47: 3.5.2* | I47: Authenticate (or verify) the identities of users, processes, or devices, as a prerequisite to allowing access to organizational systems. | J47: 5 | M47: Not Yet Assessed | O47: =IF(M47<>"Fully Implemented", -1*J47, 0) -> -5
H48: 3.5.3 | I48: Use multifactor authentication (MFA) for local and network access to privileged accounts and for network access to non- privileged accounts. | J48: 3 to 5 | K48: Subtract 5 points if MFA not implemented. Subtract 3 points if implemented for remote and privileged users, but not the general user | M48: Not Yet Assessed | O48: =IF(M48="Implemented for Remote and Privileged Users",-3,IF(M48<>"Fully Implemented",-5,0)) -> -5
H49: 3.5.4 | I49: Employ replay-resistant authentication mechanisms for network access to privileged and non-privileged accounts. | J49: 1 | M49: Not Yet Assessed | O49: =IF(M49<>"Fully Implemented", -1*J49, 0) -> -1
H50: 3.5.5 | I50: Prevent reuse of identifiers for a defined period. | J50: 1 | M50: Not Yet Assessed | O50: =IF(M50<>"Fully Implemented", -1*J50, 0) -> -1
H51: 3.5.6 | I51: Disable identifiers after a defined period of inactivity. | J51: 1 | M51: Not Yet Assessed | O51: =IF(M51<>"Fully Implemented", -1*J51, 0) -> -1
H52: 3.5.7 | I52: Enforce a minimum password complexity and change of characters when new passwords are created. | J52: 1 | M52: Not Yet Assessed | O52: =IF(M52<>"Fully Implemented", -1*J52, 0) -> -1
H53: 3.5.8 | I53: Prohibit password reuse for a specified number of generations. | J53: 1 | M53: Not Yet Assessed | O53: =IF(M53<>"Fully Implemented", -1*J53, 0) -> -1
H54: 3.5.9 | I54: Allow temporary password use for system logons with an immediate change to a permanent password. | J54: 1 | M54: Not Yet Assessed | O54: =IF(M54<>"Fully Implemented", -1*J54, 0) -> -1
H55: 40242 | I55: Store and transmit only cryptographically- protected passwords. | J55: 5 | K55: Encrypted representations of passwords include, for example, encrypted versions of passwords and one-way cryptographic hashes of passwords | M55: Not Yet Assessed | O55: =IF(M55<>"Fully Implemented", -1*J55, 0) -> -5
H56: 40607 | I56: Obscure feedback of authentication information. | J56: 1 | M56: Not Yet Assessed | O56: =IF(M56<>"Fully Implemented", -1*J56, 0) -> -1
G57: Incident Response | H57: 3.6.1 | I57: Establish an operational incident-handling capability for organizational systems that includes preparation, detection, analysis, containment, recovery, and user response activities. | J57: 5 | M57: Not Yet Assessed | O57: =IF(M57<>"Fully Implemented", -1*J57, 0) -> -5
H58: 3.6.2 | I58: Track, document, and report incidents to designated officials and/or authorities both internal and external to the organization. | J58: 5 | M58: Not Yet Assessed | O58: =IF(M58<>"Fully Implemented", -1*J58, 0) -> -5
H59: 3.6.3 | I59: Test the organizational incident response capability. | J59: 1 | M59: Not Yet Assessed | O59: =IF(M59<>"Fully Implemented", -1*J59, 0) -> -1
G60: Maintenance | H60: 3.7.1 | I60: Perform maintenance on organizational systems. | J60: 3 | M60: Not Yet Assessed | O60: =IF(M60<>"Fully Implemented", -1*J60, 0) -> -3
H61: 3.7.2 | I61: Provide controls on the tools, techniques, mechanisms, and personnel used to conduct system maintenance. | J61: 5 | M61: Not Yet Assessed | O61: =IF(M61<>"Fully Implemented", -1*J61, 0) -> -5
H62: 3.7.3 | I62: Ensure equipment removed for off-site maintenance is sanitized of any CUI. | J62: 1 | M62: Not Yet Assessed | O62: =IF(M62<>"Fully Implemented", -1*J62, 0) -> -1
H63: 3.7.4 | I63: Check media containing diagnostic and test programs for malicious code before the media are used in organizational systems. | J63: 3 | M63: Not Yet Assessed | O63: =IF(M63<>"Fully Implemented", -1*J63, 0) -> -3
H64: 3.7.5 | I64: Require multifactor authentication to establish nonlocal maintenance sessions via external network connections and terminate such connections when nonlocal maintenance is complete. | J64: 5 | M64: Not Yet Assessed | O64: =IF(M64<>"Fully Implemented", -1*J64, 0) -> -5
H65: 3.7.6 | I65: Supervise the maintenance activities of maintenance personnel without required access authorization. | J65: 1 | M65: Not Yet Assessed | O65: =IF(M65<>"Fully Implemented", -1*J65, 0) -> -1
G66: Media Protection | H66: 3.8.1 | I66: Protect (i.e., physically control and securely store) system media containing CUI, both paper and digital. | J66: 3 | K66: Exposure limited to CUI on media | M66: Not Yet Assessed | O66: =IF(M66<>"Fully Implemented", -1*J66, 0) -> -3
H67: 3.8.2 | I67: Limit access to CUI on system media to authorized users. | J67: 3 | K67: Exposure limited to CUI on media | M67: Not Yet Assessed | O67: =IF(M67<>"Fully Implemented", -1*J67, 0) -> -3
H68: 3.8.3* | I68: Sanitize or destroy system media containing CUI before disposal or release for reuse. | J68: 5 | K68: While exposure limited to CUI on media, failure to sanitize can result in continual exposure of CUI | M68: Not Yet Assessed | O68: =IF(M68<>"Fully Implemented", -1*J68, 0) -> -5
H69: 3.8.4 | I69: Mark media with necessary CUI markings and distribution limitations. | J69: 1 | M69: Not Yet Assessed | O69: =IF(M69<>"Fully Implemented", -1*J69, 0) -> -1
H70: 3.8.5 | I70: Control access to media containing CUI and maintain accountability for media during transport outside of controlled areas. | J70: 1 | M70: Not Yet Assessed | O70: =IF(M70<>"Fully Implemented", -1*J70, 0) -> -1
H71: 3.8.6 | I71: Implement cryptographic mechanisms to protect the confidentiality of CUI stored on digital media during transport unless otherwise protected by alternative physical safeguards. | J71: 1 | M71: Not Yet Assessed | O71: =IF(M71<>"Fully Implemented", -1*J71, 0) -> -1
H72: 3.8.7 | I72: Control the use of removable media on system components. | J72: 5 | M72: Not Yet Assessed | O72: =IF(M72<>"Fully Implemented", -1*J72, 0) -> -5
H73: 3.8.8 | I73: Prohibit the use of portable storage devices when such devices have no identifiable owner. | J73: 3 | M73: Not Yet Assessed | O73: =IF(M73<>"Fully Implemented", -1*J73, 0) -> -3
H74: 3.8.9 | I74: Protect the confidentiality of backup CUI at storage locations. | J74: 1 | M74: Not Yet Assessed | O74: =IF(M74<>"Fully Implemented", -1*J74, 0) -> -1
G75: Personnel Security | H75: 3.9.1 | I75: Screen individuals prior to authorizing access to organizational systems containing CUI. | J75: 3 | M75: Not Yet Assessed | O75: =IF(M75<>"Fully Implemented", -1*J75, 0) -> -3
H76: 3.9.2 | I76: Ensure that organizational systems containing CUI are protected during and after personnel actions such as terminations and transfers. | J76: 5 | M76: Not Yet Assessed | O76: =IF(M76<>"Fully Implemented", -1*J76, 0) -> -5
G77: Physical Protection | H77: 3.10.1* | I77: Limit physical access to organizational systems, equipment, and the respective operating environments to authorized individuals. | J77: 5 | M77: Not Yet Assessed | O77: =IF(M77<>"Fully Implemented", -1*J77, 0) -> -5
H78: 3.10.2 | I78: Protect and monitor the physical facility and support infrastructure for organizational systems. | J78: 5 | M78: Not Yet Assessed | O78: =IF(M78<>"Fully Implemented", -1*J78, 0) -> -5
H79: 3.10.3* | I79: Escort visitors and monitor visitor activity. | J79: 1 | M79: Not Yet Assessed | O79: =IF(M79<>"Fully Implemented", -1*J79, 0) -> -1
H80: 3.10.4* | I80: Maintain audit logs of physical access. | J80: 1 | M80: Not Yet Assessed | O80: =IF(M80<>"Fully Implemented", -1*J80, 0) -> -1
H81: 3.10.5* | I81: Control and manage physical access devices. | J81: 1 | M81: Not Yet Assessed | O81: =IF(M81<>"Fully Implemented", -1*J81, 0) -> -1
H82: 3.10.6 | I82: Enforce safeguarding measures for CUI at alternate work sites. | J82: 1 | M82: Not Yet Assessed | O82: =IF(M82<>"Fully Implemented", -1*J82, 0) -> -1
G83: Risk Assessment | H83: 3.11.1 | I83: Periodically assess the risk to organizational operations (including mission, functions, image, or reputation), organizational assets, and individuals, resulting from the operation of organizational systems and the associated processing, storage, or transmission of CUI. | J83: 3 | M83: Not Yet Assessed | O83: =IF(M83<>"Fully Implemented", -1*J83, 0) -> -3
H84: 3.11.2 | I84: Scan for vulnerabilities in organizational systems and applications periodically and when new vulnerabilities affecting those systems and applications are identified. | J84: 5 | M84: Not Yet Assessed | O84: =IF(M84<>"Fully Implemented", -1*J84, 0) -> -5
H85: 3.11.3 | I85: Remediate vulnerabilities in accordance with risk assessments. | J85: 1 | M85: Not Yet Assessed | O85: =IF(M85<>"Fully Implemented", -1*J85, 0) -> -1
G86: Security Assessment | H86: 3.12.1 | I86: Periodically assess the security controls in organizational systems to determine if the controls are effective in their application. | J86: 5 | M86: Not Yet Assessed | O86: =IF(M86<>"Fully Implemented", -1*J86, 0) -> -5
H87: 3.12.2 | I87: Develop and implement plans of action designed to correct deficiencies and reduce or eliminate vulnerabilities in organizational systems. | J87: 3 | M87: Not Yet Assessed | O87: =IF(M87<>"Fully Implemented", -1*J87, 0) -> -3
H88: 3.12.3 | I88: Monitor security controls on an ongoing basis to ensure the continued effectiveness of the controls. | J88: 5 | M88: Not Yet Assessed | O88: =IF(M88<>"Fully Implemented", -1*J88, 0) -> -5
H89: 3.12.4 | I89: Develop, document, and periodically update system security plans that describe system boundaries, system environments of operation, how security requirements are implemented, and the relationships with or connections to other systems. | J89: NA | K89: The absence of a system security plan would result in a finding that ‘an assessment could not be completed due to incomplete information and noncompliance with DFARS clause 252.204-7012.’ | M89: Not Yet Assessed | O89: =IF(M89<>"Fully Implemented", -1000, 0) -> -1000
G90: System and Communications Protection | H90: 3.13.1* | I90: Monitor, control, and protect communications (i.e., information transmitted or received by organizational systems) at the external boundaries and key internal boundaries of organizational systems. | J90: 5 | M90: Not Yet Assessed | O90: =IF(M90<>"Fully Implemented", -1*J90, 0) -> -5
H91: 3.13.2 | I91: Employ architectural designs, software development techniques, and systems engineering principles that promote effective information security within organizational systems. | J91: 5 | M91: Not Yet Assessed | O91: =IF(M91<>"Fully Implemented", -1*J91, 0) -> -5
H92: 3.13.3 | I92: Separate user functionality from system management functionality. | J92: 1 | M92: Not Yet Assessed | O92: =IF(M92<>"Fully Implemented", -1*J92, 0) -> -1
H93: 3.13.4 | I93: Prevent unauthorized and unintended information transfer via shared system resources. | J93: 1 | M93: Not Yet Assessed | O93: =IF(M93<>"Fully Implemented", -1*J93, 0) -> -1
H94: 3.13.5* | I94: Implement subnetworks for publicly accessible system components that are physically or logically separated from internal networks. | J94: 5 | M94: Not Yet Assessed | O94: =IF(M94<>"Fully Implemented", -1*J94, 0) -> -5
H95: 3.13.6 | I95: Deny network communications traffic by default and allow network communications traffic by exception (i.e., deny all, permit by exception). | J95: 5 | M95: Not Yet Assessed | O95: =IF(M95<>"Fully Implemented", -1*J95, 0) -> -5
H96: 3.13.7 | I96: Prevent remote devices from simultaneously establishing non-remote connections with organizational systems and communicating via some other connection to resources in external networks (i.e., split tunneling). | J96: 1 | M96: Not Yet Assessed | O96: =IF(M96<>"Fully Implemented", -1*J96, 0) -> -1
H97: 3.13.8 | I97: Implement cryptographic mechanisms to prevent unauthorized disclosure of CUI during transmission unless otherwise protected by alternative physical safeguards. | J97: 3 | M97: Not Yet Assessed | O97: =IF(M97<>"Fully Implemented", -1*J97, 0) -> -3
H98: 3.13.9 | I98: Terminate network connections associated with communications sessions at the end of the sessions or after a defined period of inactivity. | J98: 1 | M98: Not Yet Assessed | O98: =IF(M98<>"Fully Implemented", -1*J98, 0) -> -1
H99: 40250 | I99: Establish and manage cryptographic keys for cryptography employed in organizational systems. | J99: 1 | M99: Not Yet Assessed | O99: =IF(M99<>"Fully Implemented", -1*J99, 0) -> -1
H100: 40615 | I100: Employ FIPS-validated cryptography when used to protect the confidentiality of CUI. | J100: 3 to 5 | K100: Subtract 5 points if no cryptography is employed; 3 points if mostly not FIPS validated | M100: Not Yet Assessed | O100: =IF(M100="CUI is encrypted but not using FIPS-validated cryptography",-3,IF(M100="All CUI is encrypted using FIPS-validated cryptography",0,-5)) -> -5
...

Sheet References
A1: Fully Implemented | C1: TM
A2: Implementation Begun | I2: FAR and Above Order | J2: NIST SP 800-171 Control | K2: NIST Sort Order | L2: NIST SP 800-171 Basic or Derived | M2: DoD Score Value | N2: CMMC Domain Abbrev. | O2: CMMC Domain Desc. | P2: CMMC Practice | T2: NIST Requirement | U2: NIST Family/CMMC Domain
A3: Implementation Planned | I3: 1.14 | J3: 3.1.1 | K3: 03.01.01.0 | L3: Basic | M3: 5 | N3: AC | O3: Access Control | P3: AC.L1-3.1.1 | T3: 3.1.1 | U3: AC | V3: Access Cont
A4: Not Yet Addressed | I4: 1.15 | J4: 3.1.2 | K4: 03.01.02.0 | L4: Basic | M4: 5 | N4: AC | O4: Access Control | P4: AC.L1-3.1.2 | T4: 3.2.1 | U4: AT | V4: Awareness and Training
A5: Not Yet Assessed | I5: 5.13 | J5: 3.1.3 | K5: 03.01.03.0 | L5: Derived | M5: 1 | N5: AC | O5: Access Control | P5: AC.L2-3.1.3 | T5: 3.3.1 | U5: AU | V5: Autdit and Accountability
I6: 3.16 | J6: 3.1.4 | K6: 03.01.04.0 | L6: Derived | M6: 1 | N6: AC | O6: Access Control | P6: AC.L2-3.1.4 | T6: 3.4.1 | U6: CM | V6: Configuration Management
A7: Fully Implemented | I7: 3.17 | J7: 3.1.5 | K7: 03.01.05.0 | L7: Derived | M7: 3 | N7: AC | O7: Access Control | P7: AC.L2-3.1.5 | T7: 3.5.1 | U7: IA | V7: Identification and Authentication
A8: Implemented for Remote and Privileged Users | I8: 2.09 | J8: 3.1.6 | K8: 03.01.06.0 | L8: Derived | M8: 1 | N8: AC | O8: Access Control | P8: AC.L2-3.1.6 | T8: 3.6.1 | U8: IR | V8: Incident Response
A9: Implementation Planned | I9: 5.03 | J9: 3.1.7 | K9: 03.01.07.0 | L9: Derived | M9: 1 | N9: AC | O9: Access Control | P9: AC.L2-3.1.7 | T9: 3.7.1 | U9: MA | V9: Maintenance
A10: Not Yet Addressed | I10: 2.05 | J10: 3.1.8 | K10: 03.01.08.0 | L10: Derived | M10: 1 | N10: AC | O10: Access Control | P10: AC.L2-3.1.8 | T10: 3.8.1 | U10: MP | V10: Media Protection
A11: Not Yet Assessed | I11: 5.1 | J11: 3.1.9 | K11: 03.01.09.0 | L11: Derived | M11: 1 | N11: AC | O11: Access Control | P11: AC.L2-3.1.9 | T11: 3.9.1 | U11: PS | V11: Personnel Security
I12: 3.15 | J12: 3.1.10 | K12: 03.01.10.0 | L12: Derived | M12: 1 | N12: AC | O12: Access Control | P12: AC.L2-3.1.10 | T12: 3.10.1 | U12: PE | V12: Physical Protection
I13: 5.2 | J13: 3.1.11 | K13: 03.01.11.0 | L13: Derived | M13: 1 | N13: AC | O13: Access Control | P13: AC.L2-3.1.11 | T13: 3.11.1 | U13: RA | V13: Risk Assessment
A14: All CUI is encrypted using FIPS-validated cryptography | I14: 3.05 | J14: 3.1.12 | K14: 03.01.12.0 | L14: Derived | M14: 5 | N14: AC | O14: Access Control | P14: AC.L2-3.1.12 | T14: 3.12.1 | U14: CA | V14: Security Assessment
A15: CUI is encrypted but not using FIPS-validated cryptography | C15: Copyright 2021-2026 CMMC Information Institute, Inc. dba "CUI Institute". All Rights Reserved. | I15: 3.06 | J15: 3.1.13 | K15: 03.01.13.0 | L15: Derived | M15: 5 | N15: AC | O15: Access Control | P15: AC.L2-3.1.13 | T15: 3.13.1 | U15: SC | V15: System and Communication Protection
A16: CUI is not encrypted | I16: 5.27 | J16: 3.1.14 | K16: 03.01.14.0 | L16: Derived | M16: 1 | N16: AC | O16: Access Control | P16: AC.L2-3.1.14 | T16: 3.14.1 | U16: SI | V16: System and Information Integrity
A17: Not Yet Addressed | C17: This tool was created by the CUI Institute and is released under the Creative Commons CC-BY-ND license. | I17: 5.28 | J17: 3.1.15 | K17: 03.01.15.0 | L17: Derived | M17: 1 | N17: AC | O17: Access Control | P17: AC.L2-3.1.15
A18: Not Yet Assessed | I18: 3.04 | J18: 3.1.16 | K18: 03.01.16.0 | L18: Derived | M18: 5 | N18: AC | O18: Access Control | P18: AC.L2-3.1.16
I19: 3.03 | J19: 3.1.17 | K19: 03.01.17.0 | L19: Derived | M19: 5 | N19: AC | O19: Access Control | P19: AC.L2-3.1.17 | T19: 800-171 Basic Controls
I20: 3.14 | J20: 3.1.18 | K20: 03.01.18.0 | L20: Derived | M20: 5 | N20: AC | O20: Access Control | P20: AC.L2-3.1.18 | T20: 3.1.1
A21: Fully Implemented | I21: 4.22 | J21: 3.1.19 | K21: 03.01.19.0 | L21: Derived | M21: 3 | N21: AC | O21: Access Control | P21: AC.L2-3.1.19 | T21: 3.1.2
A22: Implementation Begun | C22: IN ADDITION, THIS TOOL IS PROVIDED BY THE COPYRIGHT HOLDERS AND CONTRIBUTORS "AS IS" AND ANY EXPRESS OR IMPLIED WARRANTIES, INCLUDING, BUT NOT LIMITED TO, THE IMPLIED WARRANTIES OF MERCHANTABILITY AND FITNESS FOR A PARTICULAR PURPOSE ARE DISCLAIMED. IN NO EVENT SHALL THE COPYRIGHT HOLDER OR CONTRIBUTORS BE LIABLE FOR ANY DIRECT, INDIRECT, INCIDENTAL, SPECIAL, EXEMPLARY, OR CONSEQUENTIAL DAMAGES (INCLUDING, BUT NOT LIMITED TO, PROCUREMENT OF SUBSTITUTE GOODS OR SERVICES; LOSS OF USE, DATA, OR PROFITS; OR BUSINESS INTERRUPTION) HOWEVER CAUSED AND ON ANY THEORY OF LIABILITY, WHETHER IN CONTRACT, STRICT LIABILITY, OR TORT (INCLUDING NEGLIGENCE OR OTHERWISE) ARISING IN ANY WAY OUT OF THE USE OF THIS SOFTWARE, EVEN IF ADVISED OF THE POSSIBILITY OF SUCH DAMAGE. | I22: 1.16 | J22: 3.1.20 | K22: 03.01.20.0 | L22: Derived | M22: 1 | N22: AC | O22: Access Control | P22: AC.L1-3.1.20 | T22: 3.2.1
A23: Implementation Planned | I23: 4.17 | J23: 3.1.21 | K23: 03.01.21.0 | L23: Derived | M23: 1 | N23: AC | O23: Access Control | P23: AC.L2-3.1.21 | T23: 3.2.2
A24: Not Yet Addressed | I24: 1.17 | J24: 3.1.22 | K24: 03.01.22.0 | L24: Derived | M24: 1 | N24: AC | O24: Access Control | P24: AC.L1-3.1.22 | T24: 3.3.1
A25: Not Permitted | I25: 2.12 | J25: 3.2.1 | K25: 03.02.01.0 | L25: Basic | M25: 5 | N25: AT | O25: Awareness and Training | P25: AT.L2-3.2.1 | T25: 3.3.2
A26: Not Yet Assessed | I26: 2.13 | J26: 3.2.2 | K26: 03.02.02.0 | L26: Basic | M26: 5 | N26: AT | O26: Awareness and Training | P26: AT.L2-3.2.2 | T26: 3.4.1
I27: 2.14 | J27: 3.2.3 | K27: 03.02.03.0 | L27: Derived | M27: 1 | N27: AT | O27: Awareness and Training | P27: AT.L2-3.2.3 | T27: 3.4.2
A28: No | I28: 4.01 | J28: 3.3.1 | K28: 03.03.01.0 | L28: Basic | M28: 5 | N28: AU | O28: Autdit and Accountability | P28: AU.L2-3.3.1 | T28: 3.5.1
A29: Yes - Admins and privileged users (3 points) | I29: 3.18 | J29: 3.3.2 | K29: 03.03.02.0 | L29: Basic | M29: 3 | N29: AU | O29: Autdit and Accountability | P29: AU.L2-3.3.2 | T29: 3.5.2
A30: Yes - All employees, including senior mgmt (5 points) | I30: 4.02 | J30: 3.3.3 | K30: 03.03.03.0 | L30: Derived | M30: 1 | N30: AU | O30: Autdit and Accountability | P30: AU.L2-3.3.3 | T30: 3.6.1
I31: 4.03 | J31: 3.3.4 | K31: 03.03.04.0 | L31: Derived | M31: 1 | N31: AU | O31: Autdit and Accountability | P31: AU.L2-3.3.4 | T31: 3.6.2
A32: No | I32: 4.04 | J32: 3.3.5 | K32: 03.03.05.0 | L32: Derived | M32: 5 | N32: AU | O32: Autdit and Accountability | P32: AU.L2-3.3.5 | T32: 3.7.1
A33: Yes - without role-based access definitions (3 points) | I33: 4.06 | J33: 3.3.6 | K33: 03.03.06.0 | L33: Derived | M33: 1 | N33: AU | O33: Autdit and Accountability | P33: AU.L2-3.3.6 | T33: 3.7.2
A34: Yes - with role-based information access definitions (5 points) | I34: 3.13 | J34: 3.3.7 | K34: 03.03.07.0 | L34: Derived | M34: 1 | N34: AU | O34: Autdit and Accountability | P34: AU.L2-3.3.7 | T34: 3.8.1
I35: 4.12 | J35: 3.3.8 | K35: 03.03.08.0 | L35: Derived | M35: 1 | N35: AU | O35: Autdit and Accountability | P35: AU.L2-3.3.8 | T35: 3.8.2
A36: No (3 points) | I36: 4.13 | J36: 3.3.9 | K36: 03.03.09.0 | L36: Derived | M36: 1 | N36: AU | O36: Autdit and Accountability | P36: AU.L2-3.3.9 | T36: 3.8.3
A37: Yes - WiFi is part of our network | I37: 4.14 | J37: 3.4.1 | K37: 03.04.01.0 | L37: Basic | M37: 5 | N37: CM | O37: Configuration Management | P37: CM.L2-3.4.1 | T37: 3.9.1
A38: Yes - WiFi goes to a guest network separate from our internal network (3 points) | I38: 4.15 | J38: 3.4.2 | K38: 03.04.02.0 | L38: Basic | M38: 5 | N38: CM | O38: Configuration Management | P38: CM.L2-3.4.2 | T38: 3.9.2
I39: 5.06 | J39: 3.4.3 | K39: 03.04.03.0 | L39: Derived | M39: 1 | N39: CM | O39: Configuration Management | P39: CM.L2-3.4.3 | T39: 3.10.1
A40: No | I40: 5.07 | J40: 3.4.4 | K40: 03.04.04.0 | L40: Derived | M40: 1 | N40: CM | O40: Configuration Management | P40: CM.L2-3.4.4 | T40: 3.10.2
A41: Yes - without objectives (3 points) | I41: 5.04 | J41: 3.4.5 | K41: 03.04.05.0 | L41: Derived | M41: 5 | N41: CM | O41: Configuration Management | P41: CM.L2-3.4.5 | T41: 3.11.1
A42: Yes - with objectives (8 points) | I42: 5.05 | J42: 3.4.6 | K42: 03.04.06.0 | L42: Derived | M42: 5 | N42: CM | O42: Configuration Management | P42: CM.L2-3.4.6 | T42: 3.12.1
I43: 4.09 | J43: 3.4.7 | K43: 03.04.07.0 | L43: Derived | M43: 5 | N43: CM | O43: Configuration Management | P43: CM.L2-3.4.7 | T43: 3.12.2
A44: No | I44: 4.07 | J44: 3.4.8 | K44: 03.04.08.0 | L44: Derived | M44: 5 | N44: CM | O44: Configuration Management | P44: CM.L2-3.4.8 | T44: 3.12.3
A45: Yes - Partial/incomplete (3 points) | I45: 4.08 | J45: 3.4.9 | K45: 03.04.09.0 | L45: Derived | M45: 1 | N45: CM | O45: Configuration Management | P45: CM.L2-3.4.9 | T45: 3.12.4
A46: Yes - Comprehensive (8 points) | I46: 1.12 | J46: 3.5.1 | K46: 03.05.01.0 | L46: Basic | M46: 5 | N46: IA | O46: Identification and Authentication | P46: IA.L1-3.5.1 | T46: 3.13.1
I47: 1.13 | J47: 3.5.2 | K47: 03.05.02.0 | L47: Basic | M47: 5 | N47: IA | O47: Identification and Authentication | P47: IA.L1-3.5.2 | T47: 3.13.2
A48: Incoming | I48: 2.03 | J48: 3.5.3 | K48: 03.05.03.0 | L48: Derived | M48: 5 | N48: IA | O48: Identification and Authentication | P48: IA.L2-3.5.3 | T48: 3.14.1
A49: Internal - Subsystems Only | I49: 5.22 | J49: 3.5.4 | K49: 03.05.04.0 | L49: Derived | M49: 1 | N49: IA | O49: Identification and Authentication | P49: IA.L2-3.5.4 | T49: 3.14.2
A50: Internal - To Cloud Provider | I50: 5.23 | J50: 3.5.5 | K50: 03.05.05.0 | L50: Derived | M50: 1 | N50: IA | O50: Identification and Authentication | P50: IA.L2-3.5.5 | T50: 3.14.3
A51: Internal - From Cloud Provider | I51: 5.24 | J51: 3.5.6 | K51: 03.05.06.0 | L51: Derived | M51: 1 | N51: IA | O51: Identification and Authentication | P51: IA.L2-3.5.6
A52: Outgoing | I52: 2.07 | J52: 3.5.7 | K52: 03.05.07.0 | L52: Derived | M52: 1 | N52: IA | O52: Identification and Authentication | P52: IA.L2-3.5.7
I53: 2.08 | J53: 3.5.8 | K53: 03.05.08.0 | L53: Derived | M53: 1 | N53: IA | O53: Identification and Authentication | P53: IA.L2-3.5.8
I54: 2.11 | J54: 3.5.9 | K54: 03.05.09.0 | L54: Derived | M54: 1 | N54: IA | O54: Identification and Authentication | P54: IA.L2-3.5.9
I55: 3.02 | J55: 3.5.10 | K55: 03.05.10.0 | L55: Derived | M55: 5 | N55: IA | O55: Identification and Authentication | P55: IA.L2-3.5.10
I56: 4.16 | J56: 3.5.11 | K56: 03.05.11.0 | L56: Derived | M56: 1 | N56: IA | O56: Identification and Authentication | P56: IA.L2-3.5.11
I57: 3.1 | J57: 3.6.1 | K57: 03.06.01.0 | L57: Basic | M57: 5 | N57: IR | O57: Incident Response | P57: IR.L2-3.6.1
I58: 3.11 | J58: 3.6.2 | K58: 03.06.02.0 | L58: Basic | M58: 5 | N58: IR | O58: Incident Response | P58: IR.L2-3.6.2
I59: 3.12 | J59: 3.6.3 | K59: 03.06.03.0 | L59: Derived | M59: 1 | N59: IR | O59: Incident Response | P59: IR.L2-3.6.3
I60: 2.18 | J60: 3.7.1 | K60: 03.07.01.0 | L60: Basic | M60: 3 | N60: MA | O60: Maintenance | P60: MA.L2-3.7.1
I61: 2.19 | J61: 3.7.2 | K61: 03.07.02.0 | L61: Basic | M61: 5 | N61: MA | O61: Maintenance | P61: MA.L2-3.7.2
I62: 5.19 | J62: 3.7.3 | K62: 03.07.03.0 | L62: Derived | M62: 1 | N62: MA | O62: Maintenance | P62: MA.L2-3.7.3
I63: 4.2 | J63: 3.7.4 | K63: 03.07.04.0 | L63: Derived | M63: 3 | N63: MA | O63: Maintenance | P63: MA.L2-3.7.4
I64: 2.04 | J64: 3.7.5 | K64: 03.07.05.0 | L64: Derived | M64: 5 | N64: MA | O64: Maintenance | P64: MA.L2-3.7.5
... I112: 4.05 | J112: 3.14.7 | K112: 03.14.07.0 | L112: Derived | M112: 3 | N112: SI | O112: System and Information Integrity | P112: SI.L2-3.14.7

Sheet Change Log
A1: Version | B1: Change(s)
A2: 44686 | B2: Added Media Library and Media Access Log Worksheets
A3: 2022-08a | B3: Added DIY/Outsource/Hybrid deisgnations to Requirements and Objectives; Added missing objective in 3.12.1; Added Roles worksheet; Added the Privileged Accounts worksheet; Added fields to the Hardware and Software Inventory Worksheets; Added the CUI Sources and Destinations Worksheet.
A4: 2022-08b | B4: Added date reviewed and reviewed by fields to many of the worksheets.
A5: 2022-08v | B5: Added user account creation and termination date fields.
A6: 2023.02a | B6: Added automated FAR and Above and SPRS scoring to the SSP page. Fixed an error in previous score calculation. Reorganized worksheet tabs and added color to simply navigation. Reorganized the Introduction tab and added explanatory information.
